 Dungeon Crawl Stone Soup version 0.30-a0-567-gf7fd966b4a (webtiles) character file.

Game seed: 14705149947775562012

2095242 MackTheKnife the Sorcerer (level 27, 249/249 HPs)
             Began as a Mummy Conjurer on Dec 28, 2022.
             Was the Champion of Ashenzari.
             Escaped with the Orb
             ... and 4 runes!
             The game lasted 03:48:26 (84216 turns).

MackTheKnife the Sorcerer (Mummy Conjurer)         Turns: 84216, Time: 03:48:27

Health: 249/249    AC: 37    Str: 12    XL:     27
Magic:  43/63      EV: 19    Int: 31    God:    Ashenzari [******]
Gold:   5879       SH: 16    Dex: 15    Spells: 13/80 levels left

rFire   + + .      SeeInvis +    U - +9 demon blade of the Shackled Sybil {elec, long, Cun, Comp} (curse)
rCold   + + +      Faith    +    e - +0 kite shield of Ashenzari's Mistrust {Self, Evo} (curse)
rNeg    + + +      Spirit   .    D - +9 pearl dragon scales of Ashenzari's Portent {rN+, rare=g, Comp, Evo} (curse)
rPois   ∞          Reflect  .    L - +2 helmet "Chained Doubts" {rC+ Regen+ Stlth+, Self, Evo} (curse)
rElec   +          Harm     .    F - +1 cloak of Ashenzari's Limitation {Will- MP+9 Dex+7 Stlth+, Fort, Self} (curse)
rCorr   +          Rampage  +    g - +0 pair of gloves of the Celestial Mistrust {Evo, Bglg} (curse)
Will    ++++.      Clarity  +    d - +0 pair of boots of the Lashed Suspicion {Rampage Will++ rCorr Dex-5, Fort, Comp} (curse)
Stlth   ++                       Q - amulet of the Lashed Ether {rElec rF+ rC++ Regen+, Fort, Elem} (curse)
HPRegen 2.21/turn                B - ring of Ashenzari's Sorrow {rF+ EV+5 Slay+2, Cun, Self} (curse)
MPRegen 0.38/turn                r - ring of Ashenzari's Insecurity {rF+ Int+4, Cun, Self} (curse)

@: very slightly contaminated, studying Fighting
A: cold resistance 1, negative energy resistance 3, torment resistance 2, heat
vulnerability 1, in touch with death 2, no potions, faith
0: Orb of Zot
}: 4/15 runes: decaying, serpentine, slimy, silver
a: Renounce Religion, Shatter the Chains


You escaped.
You worshipped Ashenzari.
Ashenzari was exalted by your worship.
You visited 13 branches of the dungeon, and saw 57 of its levels.
You also visited: Trove, Bailey, Gauntlet and Wizlab.

You collected 9046 gold pieces.
You spent 3167 gold pieces at shops.


Innate Abilities, Weirdness & Mutations

You are immune to poison.
Your flesh is cold resistant. (rC+)
You are immune to negative energy. (rN+++)
You are immune to unholy pain and torment.
You are vulnerable to heat. (rF-)
You are strongly in touch with the powers of death.
You do not drink.
You have a special connection with the divine. (Faith)


   Skills:
 - Level 21.1(27) Fighting
 - Level 14.2 Long Blades
 - Level 6.4 Staves
 - Level 13.1(18.2) Armour
 + Level 9.3(14.4) Dodging
 - Level 4.7(9.4) Stealth
 - Level 15.8(20.8) Shields
 - Level 21.3(27) Spellcasting
 - Level 12.0(14.6) Conjurations
 - Level 6.0(8.7) Hexes
 - Level 15.8(20.8) Summonings
 - Level 6.9(11.9) Necromancy
 - Level 11.6(14.2) Translocations
 - Level 9.3 Transmutations
 - Level 9.5(12.2) Fire Magic
 - Level 1.9(3.8) Ice Magic
 - Level 1.9(3.8) Air Magic
 - Level 3.1(5.4) Earth Magic
 - Level 10.1(16.2) Evocations


You had 13 spell levels left.
You knew the following spells:

 Your Spells              Type           Power      Damage    Failure   Level
a - Freezing Cloud        Conj/Ice/Air   36%        6-21      3%          5
b - Summon Horrible Thin  Summ           53%        N/A       3%          8
c - Borgnjor's Vile Clut  Necr/Erth      60%        N/A       1%          5
d - Death Channel         Necr           65%        N/A       3%          6
e - Yara's Violent Unrav  Hex/Tmut       39%        3d16      1%          5
f - Fireball              Conj/Fire      45%        3d18      1%          5
g - Starburst             Conj/Fire      45%        6d13      1%          6
h - Orb of Destruction    Conj           46%        9d12      5%          7
i - Spellforged Servitor  Conj/Summ      50%        N/A       1%          7
j - Malign Gateway        Summ/Tloc      50%        N/A       1%          7
k - Dispersal             Tloc           46%        N/A       1%          6

Your spell library contained the following spells:

 Spells                   Type           Power      Damage    Failure   Level
 Apportation              Tloc           100%       N/A       0%          1
 Magic Dart               Conj           100%       1d8       0%          1
 Summon Small Mammal      Summ           100%       N/A       0%          1
 Blink                    Tloc           100%       N/A       0%          2
 Call Imp                 Summ           100%       N/A       0%          2
 Momentum Strike          Conj/Tloc      100%       3d10      0%          2
 Searing Ray              Conj           100%       2d8       0%          2
 Call Canine Familiar     Summ           100%       N/A       0%          3
 Freeze                   Ice            100%       1d10      1%          1
 Necrotise                Necr           100%       1d9       1%          1
 Sandblast                Erth           100%       2d20      1%          1
 Shock                    Conj/Air       100%       1d9       1%          1
 Slow                     Hex            100%       N/A       1%          1
 Sting                    Tmut/Pois      100%       1d8       1%          1
 Ensorcelled Hibernation  Hex/Ice        100%       N/A       1%          2
 Passwall                 Tmut/Erth      60%        N/A       1%          2
 Poisonous Vapours        Pois/Air       100%       N/A       1%          2
 Static Discharge         Conj/Air       100%       2-7/arc   1%          2
 Confusing Touch          Hex            77%        N/A       1%          3
 Dazzling Flash           Conj/Hex       100%       N/A       1%          3
 Frozen Ramparts          Ice            100%       1d16      1%          3
 Gell's Gravitas          Tloc           92%        N/A       1%          3
 Hailstorm                Conj/Ice       78%        3d16      1%          3
 Inner Flame              Hex/Fire       82%        N/A       1%          3
 Lesser Beckoning         Tloc           100%       N/A       1%          3
 Mephitic Cloud           Conj/Pois/Air  68%        N/A       1%          3
 Stone Arrow              Conj/Erth      100%       3d13      1%          3
 Summon Guardian Golem    Hex/Summ       93%        N/A       1%          3
 Swiftness                Air            60%        N/A       1%          3
 Teleport Other           Tloc           92%        N/A       1%          3
 Tukima's Dance           Hex            77%        N/A       1%          3
 Vampiric Draining        Necr           100%       2d13      1%          3
 Vhi's Electric Charge    Tloc/Air       100%       N/A       1%          3
 Anguish                  Hex/Necr       63%        N/A       1%          4
 Animate Dead             Necr           100%       N/A       1%          4
 Flame Wave               Conj/Fire      90%        2d19      1%          4
 Fulminant Prism          Conj/Hex       42%        3d19      1%          4
 Iskenderun's Mystic Bla  Conj/Tloc      92%        2d18      1%          4
 Leda's Liquefaction      Hex/Erth       36%        N/A       1%          4
 Manifold Assault         Tloc           92%        N/A       1%          4
 Petrify                  Tmut/Erth      73%        N/A       1%          4
 Sticky Flame             Conj/Fire      90%        2d10      1%          4
 Summon Ice Beast         Ice/Summ       87%        N/A       1%          4
 Agony                    Necr           100%       N/A       1%          5
 Arcjolt                  Conj/Air       39%        1d49      1%          5
 Iskenderun's Battlesphe  Conj           93%        2d14      1%          5
 Lightning Bolt           Conj/Air       39%        1d57      1%          5
 Summon Mana Viper        Hex/Summ       93%        N/A       1%          5
 Monstrous Menagerie      Summ           53%        N/A       1%          7
 Airstrike                Air            30%        2d(5-21)  5%          4
 Conjure Ball Lightning   Conj/Air       39%        3x3d14    9%          6
 Alistair's Intoxication  Tmut/Pois      42%        N/A       11%         5
 Olgreb's Toxic Radiance  Pois           41%        N/A       26%         4
 Eringya's Noxious Bog    Tmut/Pois      31%        N/A       52%         6
 Lehudib's Crystal Spear  Conj/Erth      40%        10d10     96%         8
 Discord                  Hex            38%        N/A       99%         8
 Maxwell's Capacitive Co  Air            30%        ∞         100%        8
 Polar Vortex             Ice            30%        N/A       100%        9
 Spider Form              Tmut/Pois      Unusable   N/A       N/A         3
 Ice Form                 Ice/Tmut       Unusable   N/A       N/A         4
 Statue Form              Tmut/Erth      Unusable   N/A       N/A         6
 Borgnjor's Revivificati  Necr           Unusable   N/A       N/A         8
 Necromutation            Tmut/Necr      Unusable   N/A       N/A         8
 Death's Door             Necr           Unusable   N/A       N/A         9

Inventory:

Hand Weapons
 h - the +9 falchion of Dawn {speed, rF+ Dex+6, long}
   (You took it off a vault warden on level 5 of the Vaults)

   Attacks with this weapon are significantly faster.
   Dex:       It affects your dexterity (+6).
   rF:        It protects you from fire.
 U - the cursed +9 demon blade of the Shackled Sybil (weapon) {elec, long, Cun, Comp}
   (You took it off Mara on level 3 of the Vaults)

   It occasionally discharges a powerful burst of electricity upon striking a
   foe.
   It has a curse which improves the following skills: Cunning: Dodging and
   Stealth.
   Companions: Summonings and Necromancy.
Armour
 d - the cursed +0 pair of boots of the Lashed Suspicion (worn) {Rampage Will++ rCorr Dex-5, Fort, Comp}
   (You acquired it in a bailey)

   Dex:       It affects your dexterity (-5).
   rCorr:     It protects you from acid and corrosion.
   Rampage:   It bestows one free step when moving towards enemies.
   Will:      It greatly increases your willpower.
   It has a curse which improves the following skills: Fortitude: Armour and
   Shields.
   Companions: Summonings and Necromancy.
 e - the cursed +0 kite shield of Ashenzari's Mistrust (worn) {Self, Evo}
   (You took it off a gnoll sergeant on level 7 of the Dungeon)

   It has a curse which improves the following skills: Introspection: Fighting
   and Spellcasting.
   Evocations: Evocations.
 g - the cursed +0 pair of gloves of the Celestial Mistrust (worn) {Evo, Bglg}
   (You found it on level 9 of the Dungeon)

   It has a curse which improves the following skills: Evocations: Evocations.
   Beguiling: Conjurations, Hexes and Translocations.
 u - +0 shadow dragon scales {rare}
   (You found it on level 4 of the Realm of Zot)
 D - the cursed +9 pearl dragon scales of Ashenzari's Portent (worn) {rN+, rare=g, Comp, Evo}
   (You found it on level 3 of the Crypt)

   rN:        It protects you from negative energy.
   It has a curse which improves the following skills: Companions: Summonings
   and Necromancy.
   Evocations: Evocations.
 F - the cursed +1 cloak of Ashenzari's Limitation (worn) {Will- MP+9 Dex+7 Stlth+, Fort, Self}
   (You found it in a wizard's laboratory)

   Dex:       It affects your dexterity (+7).
   MP:        It affects your magic capacity (+9).
   Will:      It decreases your willpower.
   Stlth:     It makes you more stealthy.
   It has a curse which improves the following skills: Fortitude: Armour and
   Shields.
   Introspection: Fighting and Spellcasting.
 G - the +7 tower shield of the Abyss {rPois Will+ Dex+7}
   (You acquired it on level 4 of the Depths)

   Dex:       It affects your dexterity (+7).
   rPois:     It protects you from poison.
   Will:      It increases your willpower.
 L - the cursed +2 helmet "Chained Doubts" (worn) {rC+ Regen+ Stlth+, Self, Evo}
   (You acquired it on level 2 of the Orcish Mines)

   rC:        It protects you from cold.
   Regen:     It increases your rate of health regeneration.
   Stlth:     It makes you more stealthy.
   It has a curse which improves the following skills: Introspection: Fighting
   and Spellcasting.
   Evocations: Evocations.
Jewellery
 r - the cursed ring of Ashenzari's Insecurity (right hand) {rF+ Int+4, Cun, Self}
   (You found it in a Gauntlet)

   [ring of protection from fire]

   Int:       It affects your intelligence (+4).
   rF:        It protects you from fire.
   It has a curse which improves the following skills: Cunning: Dodging and
   Stealth.
   Introspection: Fighting and Spellcasting.
 t - a ring of flight
   (You took it off a vampire mage on level 2 of the Crypt)
 B - the cursed ring of Ashenzari's Sorrow (left hand) {rF+ EV+5 Slay+2, Cun, Self}
   (You found it in a Gauntlet)

   [ring of evasion]

   EV:        It affects your evasion (+5).
   Slay:      It affects your accuracy & damage with ranged weapons and melee
   (+2).
   rF:        It protects you from fire.
   It has a curse which improves the following skills: Cunning: Dodging and
   Stealth.
   Introspection: Fighting and Spellcasting.
 Q - the cursed amulet of the Lashed Ether (around neck) {rElec rF+ rC++ Regen+, Fort, Elem}
   (You found it in a treasure trove)

   [amulet of regeneration]

   rF:        It protects you from fire.
   rC:        It greatly protects you from cold.
   rElec:     It insulates you from electricity.
   Regen:     It increases your rate of health regeneration.
   It has a curse which improves the following skills: Fortitude: Armour and
   Shields.
   Elements:  Fire Magic, Ice Magic, Air Magic and Earth Magic.
Wands
 a - a wand of mindburst (18)
   (You took it off an orc wizard on level 9 of the Dungeon)
 b - a wand of quicksilver (11)
   (You found it on level 3 of the Elven Halls)
 f - a wand of flame (78)
   (You found it on level 9 of the Dungeon)
 s - a wand of paralysis (33)
   (You found it on level 14 of the Dungeon)
 M - a wand of iceblast (40)
   (You took it off an orc on level 7 of the Dungeon)
 O - a wand of digging (1)
   (You found it on level 5 of the Lair of Beasts)
Scrolls
 i - 4 scrolls of fog
 j - 13 scrolls of amnesia
 k - 31 scrolls of teleportation {@r4}
 m - 6 scrolls of magic mapping {!r}
 n - 6 scrolls of vulnerability {!r!r}
 o - 7 scrolls of fear
 p - 6 scrolls of brand weapon
 v - 6 scrolls of silence {!r}
 x - 5 scrolls of immolation {!r!r}
 y - 9 scrolls of enchant weapon
 A - 2 scrolls of summoning
 C - 7 scrolls of poison
 E - 6 scrolls of blinking {!r}
 I - 7 scrolls of torment
Potions
 K - 4 potions of mutation
Miscellaneous
 c - a lightning rod (4/4)
   (You acquired it on level 5 of the Dungeon)
 l - a box of beasts
   (You found it on level 1 of the Lair of Beasts)
 q - a condenser vane
   (You found it on level 5 of the Lair of Beasts)
 z - a phial of floods
   (You found it on level 10 of the Dungeon)
 H - a tin of tremorstones (2/2) {throwing}
   (You found it on level 3 of the Elven Halls)
 P - a phantom mirror
   (You found it on level 3 of the Elven Halls)
 T - a piece from Xom's chessboard (15/15)
   (You found it on level 2 of the Swamp)

Dungeon Overview and Level Annotations

Branches:
Dungeon (15/15)            Temple (1/1) D:4            Lair (5/5) D:8
  Swamp (4/4) Lair:2        Snake (4/4) Lair:2        Slime (5/5) Lair:4
    Orc (2/2) D:11            Elf (3/3) Orc:2        Vaults (5/5) D:14
  Crypt (3/3) Vaults:2       Tomb (1/3) Crypt:3      Depths (4/4) D:15
    Zot (5/5) Depths:4     Bailey (visited)          WizLab (visited)
Gauntlet (visited)

Altars:
Ashenzari
Cheibriados
Dithmenos
Gozag
Hepliaklqana
Kikubaaqudgha
Makhleb
Nemelex Xobeh
Okawaru
Qazlal
Ru
Sif Muna
Trog
Uskayaw
Vehumet
Wu Jian
Xom
Yredelemnul
Jiyva
Lugonu

Shops:
D:5 *   D:14 *   Orc:2 (=*[   Elf:2 !   Snake:2 *   Depths:4 ?

Portals:
Hell: Depths:1 Depths:2 Depths:3 Depths:4
Abyss: Depths:1 Depths:3 Depths:4
Pandemonium: Depths:1 Depths:2 Depths:4
Ziggurat: Depths:4

Annotations:
D:9 exclusion: downstairs
Temple 2 transporters
Elf:2 3 runed translucent doors
Vaults:4 2 transporters, exclusion: obsidian statue
Depths:2 1 runed translucent door, Puodgh's ghost, adept MfGl
Depths:4 2 transporters, Esiripp's ghost, veteran DjCA
Zot:5 exclusion: 2 upstairs

..# #.# ###.###.# #.#
..######.#####.....####.##
...........)...........>.#
..........!........#####.#
#####.############## #.#
....#.# ###############.#
....#.# #.............#.#
....#.# #.....X.......#.#
....#.# #....*─@.X....#.#
....#.# #......w......#.#
......# #........X....#.#
####### ######.#.######.#
#...# #..# ##### #.>.#
#.## ....# #######...# #.#
###†# #.....#.#.# #.# #.#
#.....#...# #.#


You could see a friendly eldritch tentacle and 3 friendly large abominations.


Message History

There is a stone staircase leading down here.
(D) Dungeon (T) Temple (L) Lair (S) Swamp (P) Snake Pit (M) Slime Pits (O) Orcish Mines (E) Elven Halls (V) Vaults (C) Crypt (W) Tomb (U) Depths (H) Hell (Z) Zot
Where to? (Enter - D:1, ? - help)
What level of the Dungeon? (default 1, ? - help)
There is a stone staircase leading up here.
You climb upwards.
There is a stone staircase leading down here.
A sixfirhy comes into view.
Casting: Summon Horrible Things (mildly dangerous; 3% risk of failure)
Confirm with . or Enter, or press ? or * to list all spells.
😎 MP[-8]
You lost 8 mp, and now have 55/63 mp.
You swap places. 😎 MP[+1]
Your large abomination misses the sixfirhy.
The sixfirhy hits your large abomination.
The sixfirhy shocks your large abomination!
Your large abomination hits the sixfirhy but does no damage.
Your large abomination completely misses the sixfirhy.
Your large abomination misses the sixfirhy.
Your large abomination hits the sixfirhy!
The sixfirhy hits your large abomination but does no damage. x4
Your large abomination misses the sixfirhy. x2
Your tentacled monstrosity tentacle-slaps the sixfirhy!
Your tentacled monstrosity completely misses the sixfirhy.
Your tentacled monstrosity tentacle-slaps the sixfirhy!
Your tentacled monstrosity grabs the sixfirhy.
Your tentacled monstrosity constricts the sixfirhy!
The sixfirhy dies!
A Brimstone Fiend comes into view. 😎 MP[+1]
Your large abomination hits the Brimstone Fiend!!
Your large abomination hits the Brimstone Fiend!
Your tentacled monstrosity tentacle-slaps the Brimstone Fiend!
Your tentacled monstrosity tentacle-slaps the Brimstone Fiend. x2
Your tentacled monstrosity grabs the Brimstone Fiend.
Your tentacled monstrosity constricts the Brimstone Fiend.
Your large abomination hits the Brimstone Fiend.
Your large abomination hits the Brimstone Fiend!!
The Brimstone Fiend dies!
There is a stone staircase leading up here. 😎 MP[+1]
You climb upwards.
There is a stone staircase leading down here. 😎 MP[+1]
(D) Dungeon (T) Temple (L) Lair (S) Swamp (P) Snake Pit (M) Slime Pits (O) Orcish Mines (E) Elven Halls (V) Vaults (C) Crypt (W) Tomb (U) Depths (H) Hell (Z) Zot
Where to? (Enter - D:1, ? - help)
What level of the Dungeon? (default 1, ? - help)
There is a stone staircase leading up here.
You climb upwards.
There is a stone staircase leading down here.
There is a stone staircase leading up here.
You climb upwards.
There is a stone staircase leading down here.
An ice devil comes into view. 😎 MP[+4]
Your mp is fully restored (63).
There is a stone staircase leading up here.
You climb upwards.
There is a stone staircase leading down here.
You sense a monster nearby.
(D) Dungeon (T) Temple (L) Lair (S) Swamp (P) Snake Pit (M) Slime Pits (O) Orcish Mines (E) Elven Halls (V) Vaults (C) Crypt (W) Tomb (U) Depths (H) Hell (Z) Zot
Where to? (Enter - D:1 @ (x,y), ? - help)
There is a staircase leading out of the dungeon here.
Casting: Summon Horrible Things (mildly dangerous; 3% risk of failure)
Confirm with . or Enter, or press ? or * to list all spells.
Okay, then.
Casting: Summon Horrible Things (mildly dangerous; 3% risk of failure)
Confirm with . or Enter, or press ? or * to list all spells.
You miscast Malign Gateway.
You are very lightly contaminated with residual magic.
A fistful of eyes flickers past your view.
A nameless horror comes into view. 😎 MP[-7]
You lost 7 mp, and now have 56/63 mp.
Casting: Malign Gateway (mildly dangerous; 1% risk of failure)
Confirm with . or Enter, or press ? or * to list all spells.
The dungeon shakes, a horrible noise fills the air, and a portal to some otherworldly place is opened! 😎 MP[-6]
You lost 6 mp, and now have 50/63 mp.
You slash the nameless horror! You slash the nameless horror!
The nameless horror barely misses you.
You hit the nameless horror.
You destroy the nameless horror!
That felt strangely unrewarding.
Casting: Malign Gateway (mildly dangerous; 1% risk of failure)
Confirm with . or Enter, or press ? or * to list all spells.
😎 MP[-7]
You lost 7 mp, and now have 43/63 mp.
Unknown command.
You have escaped!

Skill      XL: |  1  2  3  4  5  6  7  8  9 10 11 12 13 14 15 16 17 18 19 20 21 22 23 24 25 26 27 |
---------------+----------------------------------------------------------------------------------+-----
Spellcasting   | 3 4 5 6 7 9 12 15 17 18 20 21 | 21.3
Conjurations   | 4 5 6 7 9 11 12 | 12.0
Hexes          | 1 2 3 4 6 |  6.0
Fighting       | 3 5 6 7 13 14 16 17 21 | 21.1
Evocations     | 2 3 7 10 | 10.1
Dodging        | 3 4 8 9 |  9.3
Shields        | 9 14 15 | 15.8
Fire Magic     | 2 9 |  9.5
Armour         | 2 5 7 13 | 13.1
Summonings     | 7 9 10 11 13 15 | 15.8
Stealth        | 4 |  4.7
Translocations | 10 11 | 11.6
Ice Magic      | 1 |  1.9
Air Magic      | 1 |  1.9
Staves         | 6 |  6.4
Long Blades    | 2 11 14 | 14.2
Necromancy     | 6 |  6.9
Earth Magic    | 3 |  3.1
Transmutations | 8 9 |  9.3

Action                   |  1- 3 |  4- 6 |  7- 9 | 10-12 | 13-15 | 16-18 | 19-21 | 22-24 | 25-27 || total
-------------------------+-------+-------+-------+-------+-------+-------+-------+-------+-------++-------
Melee: Unarmed           |     6 |       |       |       |       |       |       |       |       ||     6
       Hand axe          |     2 |       |       |       |       |       |       |       |       ||     2
       Rapier            |       |    15 |    28 |   168 |    43 |       |       |       |       ||   254
       Quarterstaff      |       |       |    23 |    38 |       |       |       |       |       ||    61
       Staff             |       |       |       |     1 |   326 |   221 |   249 |       |       ||   797
       Demon blade       |       |       |       |       |       |       |   173 |  1121 |   772 ||  2066
 Fire: Sling             |    29 |    27 |    22 |       |       |       |       |       |       ||    78
 Cast: Magic Dart        |    65 |    83 |    86 |   177 |    15 |     2 |       |       |       ||   428
       Searing Ray       |     2 |     9 |    26 |    30 |     4 |       |       |       |       ||    71
       Fulminant Prism   |       |     1 |    45 |   113 |    11 |       |       |       |       ||   170
       Dazzling Flash    |       |       |       |    20 |       |     1 |       |       |       ||    21
       Iskenderun's Batt |       |       |       |    18 |     2 |       |       |       |       ||    20
       Fireball          |       |       |       |    14 |   100 |    58 |    22 |    14 |     1 ||   209
       Starburst         |       |       |       |       |   184 |   101 |    69 |    63 |    14 ||   431
       Orb of Destructio |       |       |       |       |    63 |   218 |   122 |    97 |    28 ||   528
       Spellforged Servi |       |       |       |       |       |    32 |    24 |    20 |     8 ||    84
       Malign Gateway    |       |       |       |       |       |    22 |    48 |    36 |    28 ||   134
       Freezing Cloud    |       |       |       |       |       |     3 |    13 |    10 |     4 ||    30
       Dispersal         |       |       |       |       |       |     1 |     3 |     2 |       ||     6
       Summon Horrible T |       |       |       |       |       |       |    47 |    83 |    84 ||   214
       Death Channel     |       |       |       |       |       |       |       |       |    17 ||    17
       Borgnjor's Vile C |       |       |       |       |       |       |       |       |     2 ||     2
       Yara's Violent Un |       |       |       |       |       |       |       |       |     1 ||     1
Invok: Curse Item        |       |       |     2 |     2 |     5 |     5 |     1 |     1 |     3 ||    19
       Shatter the Chain |       |       |       |     1 |     3 |     1 |     1 |     1 |     2 ||     9
Evoke: Lightning rod     |       |       |     7 |     6 |    10 |    12 |       |       |       ||    35
       Wand              |       |       |       |    12 |    14 |     5 |       |     1 |     5 ||    37
       Box of beasts     |       |       |       |     1 |     2 |     3 |       |     3 |     2 ||    11
       Condenser vane    |       |       |       |       |     2 |     5 |       |     4 |     5 ||    16
       Phial of floods   |       |       |       |       |       |     3 |       |     1 |     2 ||     6
       Phantom mirror    |       |       |       |       |       |       |     1 |     1 |     2 ||     4
       Tin of tremorston |       |       |       |       |       |       |       |     2 |       ||     2
  Use: Scroll            |       |     8 |     2 |     4 |     6 |     7 |     7 |    14 |     6 ||    54
 Stab: Invisible         |       |       |       |     1 |       |       |       |       |       ||     1
       Sleeping          |       |       |       |       |     2 |     2 |     4 |    33 |     6 ||    47
       Distracted        |       |       |       |       |       |     1 |     4 |    24 |    13 ||    42
       Confused          |       |       |       |       |       |       |       |       |     1 ||     1
       Betrayed ally     |       |       |       |       |       |       |       |       |     1 ||     1
Armor: Robe              |     7 |    21 |    28 |    30 |       |       |       |       |       ||    86
       Steam dragon scal |       |       |       |    62 |   124 |   129 |   121 |   243 |    96 ||   775
       Pearl dragon scal |       |       |       |       |       |       |       |       |   156 ||   156
Dodge: Dodged            |    42 |    52 |   101 |   213 |   374 |   327 |   343 |   582 |   462 ||  2496
Block: Kite shield       |       |       |       |   156 |   409 |   356 |   367 |   690 |   455 ||  2433

Levels and vault maps discovered:
D:1:      lemuel_arrival_hallway, layout_basic, serial_rivers,
          chequers_serial_rivers_micro_e, chequers_serial_rivers_micro_b,
          chequers_serial_rivers_small_3, chequers_serial_rivers_room_a,
          minmay_splitting_lines, roderic_lattice_a,
          hangedman_abyss_or_decor_stabs
D:2:      layout_loops_ring, serial_glass, glass_columns_b, glass_columns_a,
          glass_columns_c, glass_columns_b
D:3:      layout_basic, mainiacjoe_overflow_brackets, xom_teletrap_fun,
          dreamdust_ecumenical_altar_grove
D:4:      black_bear_nest_1, layout_rooms, chequers_temple_overflow_minitemple,
          temple_hall, minmay_joined_circles
D:5:      layout_cave_pools, serial_shops, shop_fountains
D:6:      layout_loops_ring, gup_sewer_entry_glass, uniq_crazy_yiuf_cottage
D:7:      layout_loops_ring, mainiacjoe_overflow_swirl
D:8:      minmay_the_grid_octo_2x2 [minmay_the_grid_octo_focus,
          minmay_the_grid_octo_77, minmay_the_grid_octo_concentric,
          minmay_the_grid_octo_prize_square_snowflake], layout_cave_pools,
          david_lair_generic, special_room [special_room_orc], enter_bailey_3
D:9:      layout_basic
D:10:     gammafunk_cloud_chamber, layout_rooms, enter_trove_5, uniq_snorg
D:11:     layout_roguey [special_room_orc], david_orc_4, uniq_lodul
D:12:     kennysheep_kobold_lugonu_temple, layout_loops_ring,
          minmay_lindwurm_lava
D:13:     minmay_coctagon, layout_long_grid, uniq_rupert
D:14:     layout_loops_corners, grunt_vaults_entry_tiered, zin_angel,
          serial_shops, nicolae_take_the_stairs,
          nicolae_concentric_dashed_squares_wild, uniq_kirke
D:15:     grunt_enter_depths_giant_problem, layout_basic
Temple:   hellmonk_temple_divided_pantheon
Lair:1:   layout_chaotic_city, beast_lair_carwin_7
Lair:2:   layout_roguey, minmay_swamp_entry_reptiles,
          minmay_snake_entry_six_corridors
Lair:3:   layout_cellular_growth
Lair:4:   layout_cave_shapes, minmay_slime_entry_oklob_open,
          hangedman_lair_generics_rect
Lair:5:   hangedman_lair_caniforms_friends, layout_hall_layers,
          guppyfry_lair_end_dragon, gauntlet_entry_generic,
          nzn_sisyphean_effort, serial_bayou_shore_a, uniq_nessos
Swamp:1:  layout_falls_marsh, evilmike_swamp_ruin_rubble_2
Swamp:2:  layout_basic_swamp, nicolae_swamp_trees_clearing
Swamp:3:  layout_basic_swamp, nicolae_swamp_small_spring,
          nicolae_swamp_no_escape
Swamp:4:  nzn_swamp_witches_coven, layout_basic_swamp, uniq_mlioglotl
Snake:1:  layout_layer_cave
Snake:2:  layout_chambers, nicolae_shop_sticking_my_neck_out, uniq_asterion,
          uniq_vashnia
Snake:3:  layout_layer_cave, nicolae_triple_integral, grunt_megastairs_3
Snake:4:  snake_pit_salamanders_mu, layout_chambers, grunt_megastairs_4,
          uniq_agnes
Slime:1:  layout_caves
Slime:2:  layout_caves
Slime:3:  layout_caves
Slime:4:  nicolae_slime_pool, layout_caves
Slime:5
Orc:1:    layout_diamond_mine, uniq_josephine
Orc:2:    grunt_orc_cross, layout_caves
Elf:1:    elf_arrival_001, layout_loops_cross, hangedman_elf_disciples,
          chequers_hall_statues_y, uniq_jorgrun
Elf:2:    nicolae_elf_blades_crystal_corner, layout_loops_ring, serial_shops,
          nicolae_shop_statue_plus, mu_enter_wizlab_6, lemuel_elevator,
          uniq_azrael
Elf:3:    elf_hall_gauntlet_narrow, layout_gridlike, basic_altar,
          dreamdust_wishing_well, uniq_roxanne
Vaults:1: v_misc_2, v_misc_12, nicolae_vaults_ninety_degrees,
          hangedman_vaults_capsules, st_lines, vaults_dpeg_diagonal,
          v_alt_pattern_1, v_rooms_5, vaults_room_pools, grunt_vaults_funnel,
          vaults_room_hallway, grunt_vaults_hallway_short,
          layout_vaults_omnicross
Vaults:2: grunt_vaults_swirl, hangedman_vaults_cutoff,
          nicolae_vaults_hallways_thing, nicolae_vaults_diagonal_hallway_6,
          vaults_mumra_hex, minmay_crypt_entry_simple_round,
          hangedman_vaults_trim, nicolae_vaults_murderbox, vaults_dpeg_spiral,
          hangedman_vaults_slice, layout_vaults_chaotic_city
Vaults:3: v_misc_12, nicolae_vaults_network_barrier,
          hangedman_vaults_river_flow, vaults_mumra_hexcomb,
          hangedman_vaults_unwind, vaults_dpeg_emergency_exit,
          ontoclasm_vaults_hangar, hangedman_vaults_hat,
          nicolae_vaults_little_squares_6, nicolae_vaults_little_squares_4,
          ontoclasm_vaults_decontamination, nicolae_vaults_shelves_hall,
          layout_vaults_omnibox, uniq_mara
Vaults:4: hangedman_vaults_slice, v_misc_28, nicolae_vaults_stairing_the_circle,
          nicolae_vaults_ring_of_whatevers, gammafunk_sealed_arena,
          v_alt_pattern_3, v_misc_11, v_misc_29, layout_vaults_quadrants
Vaults:5
Crypt:1:  layout_regular_city
Crypt:2:  layout_catacombs, serial_glass, glass_columns_c, glass_columns_a
Crypt:3:  due_elkab, layout_chaotic_city, grunt_ministairs_12, uniq_sojobo
Tomb:1
Depths:1: layout_gridlike, chequers_serial_rivers_marsh, rand_demon_pan_entry_4,
          minmay_room_of_horrors, hell_entry, st_stairs_12,
          lemuel_nasty_fountain, uniq_aizul
Depths:2: minmay_ambush_box, layout_gridlike, rand_demon_pan_entry_3,
          kennysheep_cross_room, ebering_ghost_inner_flame, hell_entry,
          vehumet_crystals
Depths:3: minmay_complete_graph, layout_cave_pools, abyss_entry, hellmouth_1,
          kennysheep_generic_room_13, firewood_loft, uniq_josephina, uniq_boris,
          uniq_parghit
Depths:4: evilmike_zot_entry_diamond, layout_gridlike, enter_ziggurat_b,
          gammafunk_ghost_abyssal_escape, rand_demon_pan_entry_7,
          grunt_hell_entry_dis_grunt, minmay_misc_feat_cross, serial_shops,
          shop, grunt_decor_one_mirror
Zot:1:    lemuel_draconian_sentries_small, layout_gridlike
Zot:2:    layout_basic, grunt_ministairs_7, lemuel_elevator
Zot:3:    nicolae_moth_party, layout_basic, lemuel_elevator, uniq_vv
Zot:4:    layout_misc_corridors, lemuel_elevator
Zot:5:    layout_gridlike

Notes
Turn   | Place    | Note
-------+----------+-------------------------------------------
     0 | D:1      | MackTheKnife the Mummy Conjurer began the quest for the
                  | Orb.
     0 | D:1      | Reached XP level 1. HP: 13/13 MP: 4/4
     0 | D:1      | magus.rc [v1.9.6]
    80 | D:1      | HP: 1/13 [hobgoblin (4)]
    93 | D:1      | HP: 2/13 [hobgoblin/stone (2)]
   170 | D:1      | Reached skill level 3 in Spellcasting
   445 | D:2      | Reached XP level 2. HP: 19/19 MP: 0/6
   448 | D:2      | Learned a level 2 spell: Searing Ray
   788 | D:1      | Gained mutation: You are in touch with the powers of death.
                  | [Mummy growth]
   788 | D:1      | Reached XP level 3. HP: 20/24 MP: 4/8
  1346 | D:1      | Reached skill level 4 in Spellcasting
  1687 | D:2      | Reached skill level 4 in Conjurations
  2059 | D:2      | Reached XP level 4. HP: 30/30 MP: 6/10
  2470 | D:3      | Learned a level 4 spell: Fulminant Prism
  2532 | D:3      | Found a faded altar of an unknown god.
  3218 | D:3      | Found a shimmering altar of Xom.
  3320 | D:4      | HP: 6/30 [hound (3)]
  3380 | D:4      | Reached skill level 1 in Hexes
  3644 | D:4      | Found a faded altar of an unknown god.
  3644 | D:4      | Found a shimmering blue altar of Sif Muna.
  3669 | D:4      | Found an iron altar of Okawaru.
  3671 | D:4      | Found a faded altar of an unknown god.
  3679 | D:4      | Found an opulent altar of Gozag.
  3715 | D:4      | Noticed a scorpion
  3728 | D:4      | Killed a scorpion
  3729 | D:4      | Reached skill level 5 in Spellcasting
  3729 | D:4      | Reached XP level 5. HP: 27/35 MP: 0/12
  3923 | D:4      | Noticed a black bear
  4105 | D:4      | Found a staircase to the Ecumenical Temple.
  4162 | Temple   | Entered the Ecumenical Temple
  4162 | Temple   | Found a transporter.
  4162 | Temple   | Found a transporter.
  4164 | Temple   | Found a transporter.
  4164 | Temple   | Found a transporter.
  4182 | Temple   | Became a worshipper of Ashenzari the Shackled
  4369 | D:4      | Noticed a black bear
  4380 | D:4      | Killed a black bear
  4381 | D:4      | Reached skill level 2 in Hexes
  4381 | D:4      | Reached XP level 6. HP: 32/41 MP: 3/14
  4674 | D:5      | Entered Level 5 of the Dungeon
  4675 | D:5      | Identified a scroll of acquirement
  4676 | D:5      | Acquired a lightning rod (4/4)
  4790 | D:5      | You pick up a book of Burglary and begin reading...
  4790 | D:5      | You add the spells Passwall, Ensorcelled Hibernation and
                  | Swiftness to your library.
  4859 | D:5      | Found Ostrirom's Assorted Antiques.
  4868 | D:5      | Reached skill level 6 in Spellcasting
  4868 | D:5      | Reached skill level 5 in Conjurations
  4942 | D:5      | Bought a scroll labelled ROMPI ZEUWI for 18 gold pieces
  4971 | D:5      | Reached skill level 3 in Hexes
  4971 | D:5      | Reached XP level 7. HP: 46/46 MP: 11/16
  5260 | D:5      | Reached skill level 1 in Fighting
  5310 | D:5      | Reached skill level 1 in Evocations
  5449 | D:6      | Reached skill level 2 in Fighting
  5449 | D:6      | Reached skill level 2 in Evocations
  5502 | D:6      | Reached skill level 3 in Fighting
  5561 | D:6      | Reached XP level 8. HP: 60/60 MP: 11/18
  5701 | D:6      | Reached skill level 3 in Evocations
  6105 | D:6      | HP: 12/60 [wyvern (13)]
  6659 | D:6      | Found a runed translucent door.
  6660 | D:6      | Noticed Crazy Yiuf
  6801 | D:6      | Reached skill level 7 in Spellcasting
  6801 | D:6      | Reached skill level 4 in Hexes
  6877 | D:6      | Killed Crazy Yiuf
  6921 | D:6      | magus.rc [v1.9.6]
  7180 | D:7      | Reached * piety under Ashenzari
  7297 | D:7      | Reached skill level 6 in Conjurations
  7435 | D:7      | Reached XP level 9. HP: 50/66 MP: 11/21
  7576 | D:7      | Reached skill level 8 in Spellcasting
  7695 | D:7      | Reached skill level 5 in Hexes
  7827 | D:7      | Noticed a cyclops
  7994 | D:7      | HP: 15/66 [killer bee (5)]
  8242 | D:7      | Found a burning altar of Makhleb.
  8434 | D:8      | Found a flagged portal.
  8443 | Bailey   | Entered a bailey
  8444 | Bailey   | magus.rc [v1.9.6]
  8857 | Bailey   | Reached skill level 9 in Spellcasting
  9032 | Bailey   | Reached skill level 6 in Hexes
  9111 | Bailey   | Reached skill level 7 in Conjurations
  9212 | Bailey   | Reached skill level 4 in Fighting
  9212 | Bailey   | Reached skill level 2 in Dodging
  9714 | Bailey   | Reached skill level 3 in Dodging
  9779 | Bailey   | Reached skill level 5 in Fighting
  9779 | Bailey   | Reached XP level 10. HP: 66/76 MP: 12/24
  9966 | Bailey   | Acquired the +0 pair of boots of Dishonour {Rampage Will++
                  | rCorr Dex-5}
 10189 | D:8      | HP: 18/76 [orc priest/+2 dagger of protection (2)]
 10534 | D:7      | Killed a cyclops
 10535 | D:7      | Reached skill level 6 in Fighting
 10930 | D:8      | Reached ** piety under Ashenzari
 10941 | D:8      | Reached skill level 2 in Shields
 10970 | D:8      | Reached skill level 3 in Shields
 10973 | D:8      | HP: 18/82 [steam dragon/ball of steam (16)]
 10974 | D:8      | Reached skill level 4 in Shields
 11157 | D:8      | Noticed an elephant
 11164 | D:8      | Learned a level 3 spell: Dazzling Flash
 11173 | D:8      | Killed an elephant
 11174 | D:8      | Reached skill level 5 in Shields
 11185 | D:8      | Reached skill level 6 in Shields
 11303 | D:8      | Noticed a two-headed ogre
 11314 | D:8      | Killed a two-headed ogre
 11315 | D:8      | Reached skill level 8 in Shields
 11504 | D:8      | Noticed a centaur warrior
 11513 | D:8      | magus.rc [v1.9.6]
 11520 | D:8      | HP: 19/82 [centaur warrior (5)]
 11521 | D:8      | HP: 9/82 [centaur warrior (1)]
 11522 | D:8      | Killed a centaur warrior
 11523 | D:8      | Reached skill level 9 in Shields
 11523 | D:8      | Reached XP level 11. HP: 10/87 MP: 4/26
 11953 | D:8      | Reached skill level 10 in Shields
 11973 | D:8      | magus.rc [v1.9.6]
 12209 | D:8      | Noticed a two-headed ogre
 12427 | D:8      | Reached skill level 11 in Shields
 12502 | D:8      | Killed a two-headed ogre
 12690 | D:8      | You pick up a book of the Spheres and begin reading...
 12690 | D:8      | You add the spells Iskenderun's Battlesphere, Fireball,
                  | Conjure Ball Lightning and Orb of Destruction to your
                  | library.
 12695 | D:8      | You pick up a book of Spectacle and begin reading...
 12695 | D:8      | You add the spells Malign Gateway and Summon Horrible
                  | Things to your library.
 12736 | D:8      | Learned a level 5 spell: Iskenderun's Battlesphere
 12745 | D:8      | Found a staircase to the Lair.
 13356 | D:9      | Reached skill level 12 in Shields
 13692 | D:9      | Reached skill level 13 in Shields
 13985 | D:9      | You pick up a book of Lightning and begin reading...
 13985 | D:9      | You add the spells Static Discharge, Vhi's Electric Charge,
                  | Lightning Bolt and Arcjolt to your library.
 13992 | D:9      | Learned a level 5 spell: Fireball
 14687 | D:10     | Entered Level 10 of the Dungeon
 14694 | D:10     | Noticed Snorg
 14695 | D:10     | Noticed a fire dragon
 14701 | D:9      | magus.rc [v1.9.6]
 14875 | D:10     | Noticed a two-headed ogre
 14894 | D:10     | Killed a two-headed ogre
 14895 | D:10     | Reached skill level 14 in Shields
 15016 | D:10     | Noticed a vault guard
 15032 | D:10     | Killed a vault guard
 15336 | D:10     | Found a transporter.
 15380 | D:10     | Reached skill level 1 in Fire Magic
 15467 | D:10     | Found a transporter.
 15543 | Lair:1   | Entered Level 1 of the Lair of Beasts
 15543 | Lair:1   | Noticed a boulder beetle
 15840 | D:8      | Killed a boulder beetle
 15841 | D:8      | Reached skill level 2 in Fire Magic
 15841 | D:8      | Reached XP level 12. HP: 78/94 MP: 1/27
 16009 | D:8      | Reached skill level 3 in Fire Magic
 16336 | Lair:1   | Reached skill level 4 in Fire Magic
 16557 | Lair:1   | magus.rc [v1.9.6]
 16765 | Lair:1   | Reached skill level 5 in Fire Magic
 17075 | Lair:1   | Reached skill level 6 in Fire Magic
 17245 | Lair:1   | Identified the +1 leather armour of Disappointment {+Inv
                  | rElec Will- SInv}
 17544 | Lair:2   | Found a staircase to the Swamp.
 17730 | Lair:2   | Reached skill level 7 in Fire Magic
 18061 | Lair:2   | Found a staircase to the Snake Pit.
 18158 | Lair:2   | Reached skill level 8 in Fire Magic
 18461 | Lair:2   | Noticed a death yak
 18461 | Lair:2   | Noticed a death yak
 18461 | Lair:2   | Noticed a death yak
 18462 | Lair:2   | Noticed a death yak
 18462 | Lair:2   | Noticed a death yak
 18476 | Lair:2   | Killed a death yak
 18481 | Lair:2   | Killed a death yak
 18483 | Lair:2   | Killed a death yak
 18485 | Lair:2   | Killed a death yak
 18486 | Lair:2   | Reached skill level 9 in Fire Magic
 18503 | Lair:2   | Killed a death yak
 18719 | Lair:2   | Gained mutation: You are strongly in touch with the powers
                  | of death. [Mummy growth]
 18719 | Lair:2   | Reached XP level 13. HP: 87/99 MP: 7/28
 19374 | Lair:3   | You pick up a book of Callings and begin reading...
 19374 | Lair:3   | You add the spells Summon Small Mammal, Call Canine
                  | Familiar and Summon Guardian Golem to your library.
 19471 | Lair:3   | Reached skill level 4 in Dodging
 19880 | Lair:3   | Reached skill level 1 in Armour
 19884 | Lair:3   | Reached *** piety under Ashenzari
 19996 | Lair:3   | Reached skill level 7 in Fighting
 20000 | Lair:3   | Reached skill level 2 in Armour
 20463 | Lair:4   | Learned a level 6 spell: Starburst
 20669 | Lair:4   | Found a staircase to the Slime Pits.
 20724 | Lair:4   | Reached skill level 10 in Spellcasting
 21101 | Lair:4   | Reached skill level 8 in Conjurations
 21182 | Lair:4   | Found a viscous altar of Jiyva.
 21300 | Lair:4   | Reached skill level 11 in Spellcasting
 21654 | Lair:4   | You pick up a book of Flames and begin reading...
 21654 | Lair:4   | You add the spells Inner Flame, Sticky Flame and Flame Wave
                  | to your library.
 22297 | Lair:5   | Entered Level 5 of the Lair of Beasts
 22297 | Lair:5   | Found a gate leading to a gauntlet.
 22305 | Gauntlet | Entered a Gauntlet
 22305 | Gauntlet | Found a transporter.
 22305 | Gauntlet | Found a transporter.
 22305 | Gauntlet | Found a transporter.
 22325 | Gauntlet | Found a transporter.
 22326 | Gauntlet | Found a transporter.
 22335 | Gauntlet | Found a transporter.
 22339 | Gauntlet | Found a transporter.
 22352 | Gauntlet | Found a transporter.
 22372 | Gauntlet | Found a transporter.
 22373 | Gauntlet | Identified the ring "Wukh" {rF+ Int+4}
 22392 | Gauntlet | Found a transporter.
 22395 | Gauntlet | Found a transporter.
 22399 | Gauntlet | Identified the ring of the Snail {rF+ EV+5 Slay+2}
 22407 | Gauntlet | Found a transporter.
 22698 | Gauntlet | Reached skill level 12 in Spellcasting
 22698 | Gauntlet | Reached skill level 9 in Conjurations
 22753 | Gauntlet | Identified the +7 war axe of the Malding Gods {flame,
                  | Stlth+}
 22753 | Gauntlet | a minotaur comes into view. It is wielding a +1 sling of
                  | electrocution, wearing the +15 Maxwell's patent armour
                  | {-Cast -Tele rElec Will+ rCorr}, wearing a +2 tower shield
                  | of reflection and quivering silver javelins.
 22753 | Gauntlet | Noticed a minotaur
 22754 | Gauntlet | Here: a minotaur, wielding a +1 sling of electrocution,
                  | wearing the +15 Maxwell's patent armour {-Cast -Tele rElec
                  | Will+ rCorr}, wearing a +2 tower shield of reflection,
                  | wearing a +4 ring of slaying and quivering silver javelins
                  | (wandering, reflecting blocked projectiles, hasn't noticed
                  | you)
 22754 | Gauntlet | Here: a minotaur, wielding a +1 sling of electrocution,
                  | wearing the +15 Maxwell's patent armour {-Cast -Tele rElec
                  | Will+ rCorr}, wearing a +2 tower shield of reflection,
                  | wearing a +4 ring of slaying and quivering silver javelins
                  | (wandering, reflecting blocked projectiles, hasn't noticed
                  | you)
 22754 | Gauntlet | Aim: a minotaur, wielding a +1 sling of electrocution,
                  | wearing the +15 Maxwell's patent armour {-Cast -Tele rElec
                  | Will+ rCorr}, wearing a +2 tower shield of reflection,
                  | wearing a +4 ring of slaying and quivering silver javelins
                  | (wandering, reflecting blocked projectiles, hasn't noticed
                  | you)
 22754 | Gauntlet | Aim: a minotaur, wielding a +1 sling of electrocution,
                  | wearing the +15 Maxwell's patent armour {-Cast -Tele rElec
                  | Will+ rCorr}, wearing a +2 tower shield of reflection,
                  | wearing a +4 ring of slaying and quivering silver javelins
                  | (wandering, reflecting blocked projectiles, hasn't noticed
                  | you)
 22755 | Gauntlet | Aim: a minotaur, wielding a +1 sling of electrocution,
                  | wearing the +15 Maxwell's patent armour {-Cast -Tele rElec
                  | Will+ rCorr}, wearing a +2 tower shield of reflection,
                  | wearing a +4 ring of slaying and quivering silver javelins
                  | (reflecting blocked projectiles)
 22755 | Gauntlet | Aim: a minotaur, wielding a +1 sling of electrocution,
                  | wearing the +15 Maxwell's patent armour {-Cast -Tele rElec
                  | Will+ rCorr}, wearing a +2 tower shield of reflection,
                  | wearing a +4 ring of slaying and quivering silver javelins
                  | (reflecting blocked projectiles)
 22756 | Gauntlet | Aim: a minotaur, wielding a +1 sling of electrocution,
                  | wearing the +15 Maxwell's patent armour {-Cast -Tele rElec
                  | Will+ rCorr}, wearing a +2 tower shield of reflection,
                  | wearing a +4 ring of slaying and quivering silver javelins
                  | (reflecting blocked projectiles)
 22756 | Gauntlet | Aim: a minotaur, wielding a +1 sling of electrocution,
                  | wearing the +15 Maxwell's patent armour {-Cast -Tele rElec
                  | Will+ rCorr}, wearing a +2 tower shield of reflection,
                  | wearing a +4 ring of slaying and quivering silver javelins
                  | (reflecting blocked projectiles)
 22757 | Gauntlet | Aim: a minotaur, wielding a +1 sling of electrocution,
                  | wearing the +15 Maxwell's patent armour {-Cast -Tele rElec
                  | Will+ rCorr}, wearing a +2 tower shield of reflection,
                  | wearing a +4 ring of slaying and quivering silver javelins
                  | (reflecting blocked projectiles)
 22757 | Gauntlet | Aim: a minotaur, wielding a +1 sling of electrocution,
                  | wearing the +15 Maxwell's patent armour {-Cast -Tele rElec
                  | Will+ rCorr}, wearing a +2 tower shield of reflection,
                  | wearing a +4 ring of slaying and quivering silver javelins
                  | (reflecting blocked projectiles)
 22758 | Gauntlet | Aim: a minotaur, wielding a +1 sling of electrocution,
                  | wearing the +15 Maxwell's patent armour {-Cast -Tele rElec
                  | Will+ rCorr}, wearing a +2 tower shield of reflection,
                  | wearing a +4 ring of slaying and quivering silver javelins
                  | (moderately wounded, reflecting blocked projectiles)
 22758 | Gauntlet | Aim: a minotaur, wielding a +1 sling of electrocution,
                  | wearing the +15 Maxwell's patent armour {-Cast -Tele rElec
                  | Will+ rCorr}, wearing a +2 tower shield of reflection,
                  | wearing a +4 ring of slaying and quivering silver javelins
                  | (moderately wounded, reflecting blocked projectiles)
 22759 | Gauntlet | Aim: a minotaur, wielding a +1 sling of electrocution,
                  | wearing the +15 Maxwell's patent armour {-Cast -Tele rElec
                  | Will+ rCorr}, wearing a +2 tower shield of reflection,
                  | wearing a +4 ring of slaying and quivering silver javelins
                  | (moderately wounded, reflecting blocked projectiles)
 22759 | Gauntlet | Aim: a minotaur, wielding a +1 sling of electrocution,
                  | wearing the +15 Maxwell's patent armour {-Cast -Tele rElec
                  | Will+ rCorr}, wearing a +2 tower shield of reflection,
                  | wearing a +4 ring of slaying and quivering silver javelins
                  | (moderately wounded, reflecting blocked projectiles)
 22980 | Lair:5   | magus.rc [v1.9.6]
 22988 | Lair:5   | Reached XP level 14. HP: 106/106 MP: 19/31
 23076 | Lair:5   | Noticed Nessos
 23082 | Lair:5   | Killed Nessos
 23249 | Lair:5   | HP: 18/106 [eight-headed hydra (9)]
 23542 | Lair:5   | Reached skill level 13 in Spellcasting
 23985 | Lair:5   | magus.rc [v1.9.6]
 24042 | Lair:5   | Reached skill level 10 in Conjurations
 24605 | Lair:5   | Learned a level 7 spell: Orb of Destruction
 24977 | Lair:5   | Reached skill level 14 in Spellcasting
 26164 | Lair:5   | You pick up a book of Dangerous Friends and begin
                  | reading...
 26515 | D:10     | Killed Snorg
 26516 | D:10     | Reached skill level 11 in Conjurations
 26654 | D:10     | Found a portal to a secret trove of treasure.
 26663 | D:10     | This trove needs 6 scrolls of fog to function. Give it the
                  | items?
 27047 | D:11     | Reached skill level 15 in Spellcasting
 27149 | D:11     | Noticed Lodul
 27151 | D:11     | Killed Lodul
 27211 | D:11     | Reached **** piety under Ashenzari
 27641 | D:11     | Found a staircase to the Orcish Mines.
 28249 | Orc:1    | Entered Level 1 of the Orcish Mines
 28261 | Orc:1    | Reached XP level 15. HP: 96/115 MP: 24/37
 28405 | Orc:1    | Noticed Josephine
 28412 | Orc:1    | Killed Josephine
 29135 | Orc:2    | Entered Level 2 of the Orcish Mines
 29136 | Orc:2    | magus.rc [v1.9.6]
 29141 | Orc:2    | Reached skill level 8 in Fighting
 29417 | Orc:2    | Noticed Nergalle
 29423 | Orc:2    | Killed Nergalle
 29709 | Orc:2    | Reached skill level 9 in Fighting
 30248 | Orc:2    | Found Deutwarph's General Store.
 30295 | Orc:2    | Found Xyrphualo's Antique Armour Shop.
 30311 | Orc:2    | Found Otismu's Jewellery Shop.
 30317 | Orc:2    | Bought an amulet of magic regeneration for 450 gold pieces
 30343 | Orc:2    | Bought a scroll of acquirement for 780 gold pieces
 30343 | Orc:2    | Acquired the +2 helmet of Greed {rC+ Regen+ Stlth+}
 30372 | Orc:2    | Found Jairhink's Antique Weapon Shop.
 30378 | Orc:2    | Bought a translucent morningstar for 270 gold pieces
 30378 | Orc:2    | Identified the +1 morningstar "Ogreslayer" {antimagic, rC+}
                  | (You bought it in a shop on level 2 of the Orcish Mines)
 30474 | Orc:2    | Found a staircase to the Elven Halls.
 30515 | Orc:2    | magus.rc [v1.9.6]
 30751 | D:12     | Found a corrupted altar of Lugonu.
 31056 | D:12     | Reached skill level 10 in Fighting
 31237 | D:12     | You pick up a book of Air and begin reading...
 31237 | D:12     | You add the spells Shock and Airstrike to your library.
 31349 | D:12     | Identified the +0 ring mail of a Labyrinth {+Blink Str+2
                  | Int+5}
 31544 | D:13     | Noticed a frost giant
 31544 | D:13     | Identified the +12 battleaxe "Zous" {freeze, *Noise rCorr
                  | Dex+2 SInv}
 31544 | D:13     | Identified the ring of Gunob {Ice Will+ Int+4 Dex-5 SInv}
 31558 | D:13     | Killed a frost giant
 31562 | D:13     | Identified Sif Muna's Atlas of Geology
 31632 | D:13     | You add the spells Sandblast, Leda's Liquefaction and
                  | Petrify to your library.
 31672 | D:13     | Noticed Rupert
 31684 | D:13     | Killed Rupert
 31685 | D:13     | Reached skill level 11 in Fighting
 31721 | D:13     | Identified the +4 ring mail of Fughiem {Will++ MP-9}
 31761 | D:13     | magus.rc [v1.9.6]
 32073 | D:13     | Identified the +0 robe of the Abyss {rPois}
 32361 | D:14     | Noticed Kirke
 32366 | D:14     | Killed Kirke
 32374 | D:14     | Reached skill level 12 in Fighting
 32495 | D:14     | Found Ilifaw's General Store.
 32864 | D:14     | Found a gate to the Vaults.
 32874 | D:14     | Reached skill level 13 in Fighting
 33663 | D:15     | Entered Level 15 of the Dungeon
 33758 | D:15     | Reached XP level 16. HP: 128/138 MP: 9/37
 33901 | D:15     | Identified the +3 dagger "Bidorph" {antimagic, rPois Int+2
                  | Dex+2 Stlth+}
 34105 | D:15     | Found a staircase to the Depths.
 34119 | D:15     | Reached skill level 14 in Fighting
 34844 | Snake:1  | Entered Level 1 of the Snake Pit
 35366 | Snake:1  | Learned a level 7 spell: Spellforged Servitor
 35441 | Snake:1  | Reached skill level 1 in Summonings
 35575 | Snake:1  | Reached skill level 2 in Summonings
 35901 | Snake:1  | Reached skill level 3 in Summonings
 36564 | Snake:2  | Reached skill level 4 in Summonings
 36660 | Snake:2  | Noticed Asterion
 36668 | Snake:2  | Killed Asterion
 36734 | Snake:2  | Found Nerghar's Neck Hole.
 36782 | Snake:2  | Reached skill level 5 in Summonings
 37431 | Snake:2  | Reached skill level 6 in Summonings
 37464 | Snake:2  | Noticed Vashnia
 37596 | Snake:2  | magus.rc [v1.9.6]
 37606 | Snake:2  | Killed Vashnia
 37623 | Snake:2  | Reached skill level 7 in Summonings
 38813 | Snake:3  | Reached ***** piety under Ashenzari
 39607 | Snake:3  | You pick up a book of Callings and begin reading...
 39919 | Elf:1    | Entered Level 1 of the Elven Halls
 39925 | Elf:1    | Reached skill level 3 in Armour
 39981 | Elf:1    | Reached skill level 4 in Armour
 40100 | Elf:1    | Reached skill level 5 in Armour
 40211 | Elf:1    | Paralysed by an air elemental for 1 turns
 40246 | Elf:1    | Reached XP level 17. HP: 142/153 MP: 15/40
 40247 | Elf:1    | Noticed Jorgrun
 40296 | Elf:1    | Killed Jorgrun
 40297 | Elf:1    | Acquired a staff of conjuration
 40441 | Elf:1    | Reached skill level 6 in Armour
 40591 | Elf:1    | Reached skill level 7 in Armour
 41240 | Elf:2    | Reached skill level 2 in Stealth
 41262 | Elf:2    | Reached skill level 3 in Stealth
 41303 | Elf:2    | Reached skill level 4 in Stealth
 41376 | Elf:2    | Found a magical portal.
 41383 | WizLab   | Entered The Roulette of Golubria
 41383 | WizLab   | Found a transporter.
 41386 | WizLab   | Found a corrupted altar of Lugonu.
 41407 | WizLab   | Found a transporter.
 41407 | WizLab   | Found a transporter.
 41468 | WizLab   | Found a transporter.
 41468 | WizLab   | Found a transporter.
 41493 | WizLab   | You add the spells Gell's Gravitas, Teleport Other and
                  | Dispersal to your library.
 41531 | WizLab   | Found a transporter.
 41531 | WizLab   | Found a transporter.
 41595 | WizLab   | Found a transporter.
 41595 | WizLab   | Found a transporter.
 41602 | WizLab   | Reached skill level 1 in Translocations
 41662 | WizLab   | Identified the +1 cloak of Disappointment {Will- MP+9 Dex+7
                  | Stlth+}
 41745 | WizLab   | Reached skill level 2 in Translocations
 41752 | WizLab   | Identified the +0 cloak of Fehisoh {Harm rF+ Int-3}
 41989 | Elf:2    | Reached skill level 3 in Translocations
 42002 | Elf:2    | Reached skill level 4 in Translocations
 42151 | Elf:2    | Found Rofol's Distillery.
 42624 | D:14     | Reached skill level 5 in Translocations
 42629 | D:14     | Bought a scroll of fear for 64 gold pieces
 42629 | D:14     | Bought a scroll of enchant armour for 120 gold pieces
 42629 | D:14     | Bought a scroll of teleportation for 48 gold pieces
 42936 | Elf:2    | Reached skill level 6 in Translocations
 42969 | Elf:2    | Reached skill level 7 in Translocations
 43026 | Elf:2    | Found a runed translucent gate.
 43027 | Elf:2    | Found a runed translucent gate.
 43027 | Elf:2    | Found a runed translucent gate.
 43242 | Elf:3    | Entered Level 3 of the Elven Halls
 43256 | Elf:3    | You pick up a book of Displacement and begin reading...
 43310 | Elf:3    | Learned a level 7 spell: Malign Gateway
 43317 | Elf:3    | Learned a level 6 spell: Dispersal
 43377 | Elf:3    | Identified Roxanne's Handbook of Stones
 43377 | Elf:3    | Noticed Roxanne
 43392 | Elf:3    | Killed Roxanne
 43672 | Elf:3    | Reached skill level 8 in Translocations
 43755 | Elf:3    | Found a radiant altar of Vehumet.
 43935 | Elf:3    | Noticed a deep elf master archer
 43937 | Elf:3    | Reached skill level 9 in Translocations
 43948 | Elf:3    | Killed a deep elf master archer
 44157 | Elf:3    | Reached skill level 10 in Translocations
 44162 | Elf:3    | Identified a +2 crystal plate armour
 44162 | Elf:3    | Noticed a deep elf blademaster
 44167 | Elf:3    | Killed a deep elf blademaster
 44169 | Elf:3    | Noticed a deep elf blademaster
 44187 | Elf:3    | Killed a deep elf blademaster
 44188 | Elf:3    | Reached XP level 18. HP: 149/162 MP: 20/42
 44280 | Elf:3    | N - a +2 crystal plate armour {rare=g}
 44287 | Elf:3    | Identified the +1 leather armour of Mupifif {rPois rN+
                  | Str-5 Dex+3}
 44288 | Elf:3    | Reached skill level 11 in Translocations
 44530 | Elf:3    | Identified the +0 pair of gloves "Nioh" {Harm rF- Int+4}
 44584 | Elf:3    | Identified the +3 longbow "Wofianimp" {freeze, rElec}
 44587 | Elf:3    | Identified the Exposition on the Mutagenic Winter
 44596 | Elf:3    | You add the spells Frozen Ramparts, Summon Ice Beast and
                  | Freezing Cloud to your library.
 45001 | Snake:4  | Entered Level 4 of the Snake Pit
 45033 | Snake:4  | magus.rc [v1.9.6]
 45131 | Snake:4  | Noticed Agnes
 45141 | Snake:4  | Killed Agnes
 45185 | Snake:4  | Reached skill level 8 in Summonings
 45287 | Snake:4  | magus.rc [v1.9.6]
 45394 | Snake:4  | You pick up a book of Minor Magic and begin reading...
 45394 | Snake:4  | You add the spells Call Imp and Mephitic Cloud to your
                  | library.
 46195 | Snake:4  | Reached skill level 16 in Spellcasting
 46221 | Snake:4  | Reached skill level 9 in Summonings
 46951 | Snake:4  | Got a serpentine rune of Zot
 46963 | Snake:4  | Learned a level 5 spell: Freezing Cloud
 47171 | Swamp:1  | Entered Level 1 of the Swamp
 47172 | Swamp:1  | magus.rc [v1.9.6]
 47269 | Swamp:1  | Reached skill level 1 in Ice Magic
 47272 | Swamp:1  | Reached skill level 1 in Air Magic
 47807 | Swamp:2  | Identified the amulet "Nixupper" {Acrobat Fly Slay+3}
 47940 | Swamp:2  | Reached skill level 17 in Spellcasting
 47989 | Swamp:2  | magus.rc [v1.9.6]
 47989 | Swamp:2  | magus.rc [v1.9.6]
 48436 | Swamp:3  | Reached XP level 19. HP: 171/171 MP: 20/47
 48508 | Swamp:3  | Reached skill level 18 in Spellcasting
 48695 | Swamp:3  | Reached skill level 4 in Evocations
 48795 | Swamp:3  | Reached skill level 1 in Staves
 48835 | Swamp:3  | Reached skill level 2 in Staves
 49218 | Swamp:4  | Entered Level 4 of the Swamp
 49218 | Swamp:4  | Noticed Mlioglotl
 49232 | Swamp:4  | Killed Mlioglotl
 49233 | Swamp:4  | Reached skill level 5 in Evocations
 49279 | Swamp:4  | Reached skill level 3 in Staves
 49356 | Swamp:4  | You pick up a book of Debilitation and begin reading...
 49356 | Swamp:4  | You add the spells Slow, Vampiric Draining and Confusing
                  | Touch to your library.
 49385 | Swamp:4  | magus.rc [v1.9.6]
 49515 | Swamp:4  | Reached skill level 4 in Staves
 49640 | Swamp:4  | Identified a +1 robe of the Archmagi
 49643 | Swamp:4  | Reached skill level 6 in Evocations
 49833 | Swamp:4  | You pick up a book of Rime and begin reading...
 50053 | Swamp:4  | Reached skill level 5 in Staves
 50144 | Swamp:4  | Got a decaying rune of Zot
 50523 | Vaults:1 | Entered Level 1 of the Vaults
 50715 | Vaults:1 | Identified the +1 robe "Ruaqikk" {rCorr SInv}
 50755 | Vaults:1 | Reached skill level 7 in Evocations
 51227 | Vaults:1 | Reached skill level 6 in Staves
 51898 | Vaults:2 | Reached skill level 10 in Summonings
 51932 | Vaults:2 | Learned a level 8 spell: Summon Horrible Things
 52049 | Vaults:2 | Reached XP level 20. HP: 157/178 MP: 41/48
 52189 | Vaults:2 | Reached skill level 11 in Summonings
 52267 | Vaults:2 | Identified the Guide on the Reshaped Compass
 52408 | Vaults:2 | Reached ****** piety under Ashenzari
 52908 | Vaults:2 | Reached skill level 19 in Spellcasting
 53238 | Vaults:2 | Reached skill level 20 in Spellcasting
 53662 | Vaults:2 | Found a staircase to the Crypt.
 53662 | Vaults:2 | Noticed a curse skull
 53726 | Vaults:2 | Killed a curse skull
 54306 | Vaults:3 | Reached skill level 15 in Fighting
 54448 | Vaults:3 | Noticed Mara
 54452 | Vaults:3 | Killed Mara
 54470 | Vaults:3 | Reached skill level 16 in Fighting
 54551 | Vaults:3 | You pick up a book of Frost and begin reading...
 54551 | Vaults:3 | You add the spells Freeze and Hailstorm to your library.
 54634 | Vaults:3 | Reached skill level 1 in Long Blades
 54825 | Vaults:3 | Reached skill level 2 in Long Blades
 54936 | Vaults:3 | You pick up a book of Cantrips and begin reading...
 54936 | Vaults:3 | You add the spells Necrotise and Apportation to your
                  | library.
 55027 | Vaults:3 | Reached XP level 21. HP: 167/192 MP: 51/52
 55133 | Vaults:3 | Reached skill level 3 in Long Blades
 55225 | Vaults:3 | Identified a +2 robe of the Archmagi
 55536 | Vaults:4 | Reached skill level 4 in Long Blades
 55719 | Vaults:4 | Reached skill level 5 in Long Blades
 55853 | Vaults:4 | Reached skill level 6 in Long Blades
 55967 | Vaults:4 | Identified the +6 plate armour "Rieqoq" {+Inv rF+++ Int+3
                  | Slay-6}
 56133 | Vaults:4 | Reached skill level 7 in Long Blades
 56256 | Vaults:4 | Reached skill level 8 in Long Blades
 56402 | Vaults:4 | Found a transporter.
 56402 | Vaults:4 | Noticed a golden dragon
 56555 | Vaults:4 | Found a transporter.
 56555 | Vaults:4 | Noticed an ancient lich
 56556 | Vaults:4 | Identified the +9 war axe "Oretaf" {heavy, rF+ Int+6}
 57402 | Depths:1 | Entered Level 1 of the Depths
 57484 | Depths:1 | magus.rc [v1.9.6]
 57522 | Depths:1 | Noticed a golden dragon
 57542 | Depths:1 | Noticed Aizul
 57544 | Depths:1 | Killed a golden dragon
 57544 | Depths:1 | Identified +0 gold dragon scales
 57549 | Depths:1 | Killed Aizul
 57602 | Depths:1 | h - +0 gold dragon scales {rare}
 57636 | Depths:1 | Reached skill level 9 in Long Blades
 57703 | Depths:1 | Identified a +1 robe of the Archmagi
 57740 | Depths:1 | Found a gateway to Hell.
 57952 | Depths:1 | Found a one-way gate leading to the halls of Pandemonium.
 58108 | Depths:1 | Reached skill level 10 in Long Blades
 58323 | Depths:1 | Found a one-way gate to the infinite horrors of the Abyss.
 58469 | Depths:2 | Noticed a golden dragon
 58469 | Depths:2 | Noticed a golden dragon
 58477 | Depths:2 | Killed a golden dragon
 58488 | Depths:2 | Killed a golden dragon
 58490 | Depths:2 | D - a +2 quick blade of protection {shortrare=g}
 58492 | Depths:2 | Q - a +2 quick blade of freezing {shortrare=g}
 58498 | Depths:1 | You drop +0 gold dragon scales {rare}.
 58499 | Depths:1 | You drop a +2 quick blade of protection {shortrare=g}.
 58500 | Depths:1 | You drop a +2 crystal plate armour {rare=g}.
 58501 | Depths:1 | You drop a +2 quick blade of freezing {shortrare=g}.
 58550 | Depths:2 | Identified the +10 trident of Uskayaw's Pride {pain,
                  | *Corrode rF+ Str+6}
 58647 | Depths:2 | Reached skill level 11 in Long Blades
 58973 | Depths:2 | Found a runed translucent door.
 58973 | Depths:2 | Noticed Puodgh's ghost (adept MfGl)
 59178 | Depths:2 | Found a radiant altar of Vehumet.
 59184 | Depths:2 | Reached XP level 22. HP: 197/197 MP: 52/52
 59227 | Depths:2 | Reached skill level 12 in Long Blades
 59817 | Depths:2 | Identified a +0 crystal plate armour
 59824 | Depths:2 | N - a +0 crystal plate armour {rare=g}
 59965 | Depths:3 | Identified +7 gold dragon scales
 59965 | Depths:3 | Noticed Parghit
 59965 | Depths:3 | Identified the +6 sling "Newtbane" {heavy, rPois rF+ Int+2}
 60073 | Depths:3 | Noticed a golden dragon
 60086 | Depths:3 | Killed a golden dragon
 60086 | Depths:3 | Identified +0 gold dragon scales
 60092 | Depths:3 | Reached skill level 13 in Long Blades
 60093 | Depths:3 | Noticed a caustic shrike
 60281 | Depths:3 | Killed Parghit
 60282 | Depths:3 | Noticed a juggernaut
 60294 | Depths:3 | Noticed a caustic shrike
 60294 | Depths:3 | Killed a juggernaut
 60300 | Depths:3 | Noticed a juggernaut
 60305 | Depths:2 | Killed a caustic shrike
 60457 | Depths:3 | Killed a caustic shrike
 60541 | Depths:3 | Reached skill level 14 in Long Blades
 60690 | Depths:3 | Q - +0 gold dragon scales {rare}
 60693 | Depths:3 | Noticed a golden dragon
 60694 | Depths:3 | You drop +0 gold dragon scales {rare}.
 60710 | Depths:3 | Identified the +2 cloak of the Cuttlefish {Dex+3 Slay+3}
 60710 | Depths:3 | Identified the +5 flail of the Pharaoh's Fist {holy, *Rage
                  | Int+3}
 60718 | Depths:3 | You pick up a book of Beasts and begin reading...
 60718 | Depths:3 | You add the spells Summon Mana Viper and Monstrous
                  | Menagerie to your library.
 60720 | Depths:3 | You pick up a book of Necromancy and begin reading...
 60722 | Depths:3 | You pick up a book of Displacement and begin reading...
 60734 | Depths:3 | Noticed Boris
 60745 | Depths:3 | Killed Boris
 60915 | Depths:3 | Killed a juggernaut
 60917 | Depths:3 | Killed a golden dragon
 61000 | Depths:3 | Noticed a juggernaut
 61007 | Depths:3 | Killed a juggernaut
 61123 | Depths:3 | D - +7 gold dragon scales {rare}
 61124 | Depths:3 | You drop +7 gold dragon scales {rare}.
 61352 | Depths:3 | Identified the +10 demon trident of the Pits of Slime
                  | {freeze, rF+++ Int-3 Dex+4}
 61578 | Depths:4 | Entered Level 4 of the Depths
 61609 | Depths:4 | Reached skill level 21 in Spellcasting
 61680 | Depths:4 | Found a transporter.
 61694 | Depths:4 | Identified the amulet "Toggi" {Faith rC+ Int+4 Dex+3}
 61701 | Depths:4 | Found a transporter.
 61710 | Depths:4 | Identified Lugonu's Handbook of Displacement
 61720 | Depths:4 | Noticed a dread lich
 61734 | Depths:4 | Noticed an ancient lich
 61736 | Depths:4 | Noticed Esiripp's ghost (veteran DjCA)
 62038 | Depths:4 | Found Jaipasus's Magic Scroll Shoppe.
 62046 | Depths:4 | Bought a scroll of fog for 84 gold pieces
 62046 | Depths:4 | Bought a scroll of fog for 84 gold pieces
 62049 | Depths:4 | Reached skill level 17 in Fighting
 62379 | D:10     | This trove needs 6 scrolls of fog to function. Give it the
                  | items?
 62379 | D:10     | You paid a toll of 6 scrolls of fog to enter a treasure
                  | trove
 62380 | Trove    | Entered a treasure trove
 62382 | Trove    | Identified the amulet of Akhlegife {RegenMP rElec rPois}
 62382 | Trove    | Identified the ring of Gosaehum {AC+4 Int+4 Stlth+}
 62382 | Trove    | Identified the ring "Rirroec" {rElec rC- Will- EV+5 Stlth+}
 62382 | Trove    | Identified the amulet "Lapro" {rElec rF+ rC++ Regen+}
 62382 | Trove    | Identified the amulet of Nun Zin {Reflect Int+3 SH+5
                  | Stlth+}
 62382 | Trove    | Identified the ring of Life {EV+5 Str+3}
 62383 | Trove    | Identified the ring of Cowaivoss {Drain rElec rCorr Dex+8}
 62383 | Trove    | Identified the ring "Idophor" {rF+ rN+ EV+5}
 62674 | Depths:4 | Found a one-way gateway to a ziggurat.
 62705 | Depths:4 | Reached XP level 23. HP: 203/207 MP: 42/54
 62985 | Depths:4 | Found a gate to the Realm of Zot.
 63059 | Depths:4 | Reached skill level 18 in Fighting
 63826 | Depths:4 | magus.rc [v1.9.6]
 64337 | Slime:1  | Entered Level 1 of the Pits of Slime
 64744 | Slime:2  | Reached skill level 19 in Fighting
 65826 | Slime:4  | Reached skill level 20 in Fighting
 66728 | Slime:5  | Entered Level 5 of the Pits of Slime
 67043 | Slime:5  | Noticed the Royal Jelly
 67075 | Slime:5  | Killed the Royal Jelly
 67076 | Slime:5  | Reached skill level 21 in Fighting
 67106 | Slime:5  | Identified the +8 fire dragon scales "Gusk" {rF++ rC- rN++
                  | Will-}
 67106 | Slime:5  | Identified the Guidebook on Displaced Graupel
 67109 | Slime:5  | Identified the +9 trident of Causality {spect, rElec rC+}
 67157 | Slime:5  | You pick up a book of Spatial Translocations and begin
                  | reading...
 67157 | Slime:5  | You add the spells Blink and Momentum Strike to your
                  | library.
 67185 | Slime:5  | Got a slimy rune of Zot
 67647 | Crypt:1  | Entered Level 1 of the Crypt
 67808 | Crypt:1  | Reached XP level 24. HP: 188/227 MP: 54/54
 67811 | Crypt:1  | Reached skill level 15 in Shields
 67846 | Crypt:1  | Noticed a curse skull
 68387 | Crypt:1  | Reached skill level 12 in Summonings
 69513 | Crypt:2  | Noticed a curse skull
 69516 | Crypt:2  | Killed a curse skull
 70126 | Crypt:2  | Reached skill level 13 in Summonings
 70731 | Crypt:3  | Entered Level 3 of the Crypt
 70867 | Crypt:3  | Found a staircase to the Tomb.
 70908 | Crypt:3  | You add the spells Alistair's Intoxication, Borgnjor's Vile
                  | Clutch and Eringya's Noxious Bog to your library.
 70915 | Crypt:3  | Learned a level 5 spell: Borgnjor's Vile Clutch
 71045 | Crypt:3  | Reached skill level 1 in Necromancy
 71048 | Crypt:3  | Reached skill level 1 in Earth Magic
 71170 | Crypt:3  | Reached skill level 2 in Necromancy
 71262 | Crypt:3  | Reached skill level 2 in Earth Magic
 71289 | Crypt:3  | You pick up a book of Dreams and begin reading...
 71381 | Crypt:3  | Reached skill level 3 in Necromancy
 71505 | Crypt:3  | Reached skill level 3 in Earth Magic
 71541 | Crypt:3  | Noticed Sojobo
 71551 | Crypt:3  | Paralysed by an air elemental for 1 turns
 71556 | Crypt:3  | Reached skill level 4 in Necromancy
 71557 | Crypt:3  | Killed Sojobo
 71698 | Crypt:3  | Reached skill level 5 in Necromancy
 71899 | Crypt:3  | Reached skill level 6 in Necromancy
 72016 | Crypt:3  | Identified +0 pearl dragon scales
 72027 | Crypt:3  | D - +0 pearl dragon scales {rare=g}
 72034 | Crypt:3  | your +0 pearl dragon scales {rare=g} glow green for a
                  | moment.
 72035 | Crypt:3  | your +1 pearl dragon scales {rare=g} glow green for a
                  | moment.
 72036 | Crypt:3  | your +2 pearl dragon scales {rare=g} glow green for a
                  | moment.
 72037 | Crypt:3  | your +3 pearl dragon scales {rare=g} glow green for a
                  | moment.
 72038 | Crypt:3  | your +4 pearl dragon scales {rare=g} glow green for a
                  | moment.
 72039 | Crypt:3  | your +5 pearl dragon scales {rare=g} glow green for a
                  | moment.
 72040 | Crypt:3  | your +6 pearl dragon scales {rare=g} glow green for a
                  | moment.
 72323 | Crypt:3  | Reached skill level 8 in Evocations
 72634 | Crypt:3  | Identified the +1 mace of Bankruptcy {vamp, Str+5 Int+4}
 72634 | Crypt:3  | Identified the +3 great sword "Elid" {flame, Str+3}
 72634 | Crypt:3  | Identified the Volume of the Alluring Squall
 72641 | Crypt:3  | You add the spells Tukima's Dance, Yara's Violent
                  | Unravelling and Discord to your library.
 72644 | Crypt:3  | You pick up a book of Unlife and begin reading...
 72644 | Crypt:3  | You add the spells Animate Dead and Death Channel to your
                  | library.
 72659 | Crypt:3  | You pick up a book of Dangerous Friends and begin
                  | reading...
 72669 | Crypt:3  | Learned a level 6 spell: Death Channel
 72729 | Tomb:1   | Entered Level 1 of the Tomb of the Ancients
 72838 | Tomb:1   | Reached skill level 9 in Evocations
 72944 | Tomb:1   | Noticed a royal mummy
 72955 | Tomb:1   | Killed a royal mummy
 73315 | Tomb:1   | Noticed a royal mummy
 73347 | Tomb:1   | HP: 35/227 [ancient champion/iron shot (40)]
 73352 | Tomb:1   | Reached skill level 10 in Evocations
 73563 | Tomb:1   | Reached XP level 25. HP: 234/234 MP: 51/54
 74323 | Depths:4 | Bought a scroll of enchant armour for 157 gold pieces
 74323 | Depths:4 | Bought a scroll of acquirement for 1092 gold pieces
 74323 | Depths:4 | your +7 pearl dragon scales {rare=g} glow green for a
                  | moment.
 74324 | Depths:4 | Acquired the +7 tower shield of the Abyss {rPois Will+
                  | Dex+7}
 74327 | Depths:4 | You drop a +0 crystal plate armour {rare=g}.
 74701 | Vaults:4 | You finish putting on your +8 pearl dragon scales {rare=g}.
 75092 | Orc:2    | You finish taking off your +8 pearl dragon scales {rare=g}.
 75533 | Vaults:5 | Entered Level 5 of the Vaults
 75540 | Vaults:5 | Reached skill level 8 in Armour
 75666 | Vaults:5 | Reached skill level 9 in Armour
 75719 | Vaults:5 | Reached skill level 10 in Armour
 75753 | Vaults:5 | Noticed a dread lich
 75761 | Vaults:5 | Killed a dread lich
 75762 | Vaults:5 | Noticed a dread lich
 75765 | Vaults:5 | Killed a dread lich
 75888 | Vaults:5 | Reached skill level 11 in Armour
 76077 | Vaults:5 | Got a silver rune of Zot
 76212 | Vaults:5 | Identified the +9 falchion of Dawn {speed, rF+ Dex+6}
 76355 | Vaults:5 | Identified the +8 dagger "Kueg" {venom, rCorr Int+4 Dex-4
                  | SInv}
 76374 | Vaults:5 | Reached skill level 12 in Armour
 77132 | Vaults:5 | Identified Sif Muna's Grimoire of the Boreal Tesseract
 77223 | Vaults:5 | Identified the Atlas of United Pollution
 77369 | Vaults:5 | Identified the +8 quarterstaff "Eklo" {drain, Str+4}
 77369 | Vaults:5 | Identified the +2 troll leather armour of Mental Paralysis
                  | {-Cast Regen+ Dex+5}
 77939 | Zot:1    | Entered Level 1 of the Realm of Zot
 77965 | Zot:1    | u - +0 shadow dragon scales {rare}
 78000 | Zot:1    | Reached skill level 13 in Armour
 78018 | Zot:1    | Noticed an electric golem
 78151 | Zot:1    | Killed an electric golem
 78152 | Zot:1    | Reached skill level 5 in Dodging
 78222 | Zot:1    | You finish putting on your +8 pearl dragon scales {rare=g}.
 78227 | Zot:1    | You finish taking off your +8 pearl dragon scales {rare=g}.
 78282 | Zot:1    | w - +0 storm dragon scales {rare}
 78329 | Zot:1    | You drop +0 storm dragon scales {rare}.
 78398 | Zot:1    | Identified the +5 short sword "Zivvoaremn" {flame, rElec
                  | rN+ rCorr Dex-2}
 78695 | Zot:1    | Identified the +11 flail "Xutzoati" {flame, rElec rCorr
                  | Str+3}
 78705 | Zot:1    | Reached skill level 6 in Dodging
 79078 | Zot:1    | Reached skill level 7 in Dodging
 79094 | Zot:1    | your +8 pearl dragon scales {rare=g} glow green for a
                  | moment.
 79095 | Zot:1    | You drop +0 shadow dragon scales {rare}.
 79689 | Zot:2    | Reached skill level 8 in Dodging
 79689 | Zot:2    | Reached XP level 26. HP: 216/242 MP: 49/54
 80398 | Zot:3    | You finish putting on your +9 pearl dragon scales {rare=g}.
 80472 | Zot:3    | Reached skill level 14 in Summonings
 80949 | Zot:3    | u - +0 storm dragon scales {rare}
 80955 | Zot:3    | Noticed a curse toe
 80956 | Zot:3    | You drop +0 storm dragon scales {rare}.
 80968 | Zot:3    | Killed a curse toe
 81036 | Zot:3    | Identified the +9 short sword of Mourning {flame, rElec
                  | Will- Dex+9 Stlth-}
 81078 | Zot:3    | Reached skill level 15 in Summonings
 81133 | Zot:3    | w - +0 storm dragon scales {rare}
 81307 | Zot:3    | Identified the +3 cloak of the Doomed Worm {+Blink MP+9}
 81319 | Zot:3    | You drop +0 storm dragon scales {rare}.
 81501 | Zot:3    | Identified the +2 robe "Egeuh" {+Inv rF- rCorr Int+2}
 81643 | Zot:3    | Noticed Vv
 81679 | Zot:3    | Killed Vv
 81828 | Zot:4    | Noticed a curse toe
 82013 | Zot:5    | Entered Level 5 of the Realm of Zot
 82013 | Zot:5    | Noticed an orb of fire
 82027 | Zot:5    | Killed an orb of fire
 82303 | Zot:5    | Identified the +5 halberd "Gasm" {flame, Int+2 SInv}
 82314 | Zot:5    | You add the spells Poisonous Vapours and Olgreb's Toxic
                  | Radiance to your library.
 82528 | Zot:4    | Your +9 pearl dragon scales {rare=g} glows black for a
                  | moment.
 82610 | Zot:4    | u - +0 storm dragon scales {rare}
 82617 | Zot:4    | You drop +0 storm dragon scales {rare}.
 82626 | Zot:4    | Killed a curse toe
 82703 | Zot:4    | u - +0 shadow dragon scales {rare}
 82775 | Zot:4    | You pick up a book of Geomancy and begin reading...
 82823 | Zot:4    | Reached skill level 12 in Conjurations
 82966 | Zot:5    | magus.rc [v1.9.6]
 83099 | Zot:5    | Learned a level 5 spell: Yara's Violent Unravelling
 83110 | Zot:5    | Reached skill level 1 in Transmutations
 83113 | Zot:5    | Reached skill level 2 in Transmutations
 83131 | Zot:5    | Reached skill level 3 in Transmutations
 83160 | Zot:5    | Noticed an orb of fire
 83163 | Zot:5    | Noticed an electric golem
 83165 | Zot:5    | Noticed an orb of fire
 83170 | Zot:5    | Killed an orb of fire
 83170 | Zot:5    | Killed an electric golem
 83171 | Zot:5    | Reached skill level 4 in Transmutations
 83187 | Zot:5    | Killed an orb of fire
 83188 | Zot:5    | Reached skill level 5 in Transmutations
 83196 | Zot:5    | Reached skill level 6 in Transmutations
 83397 | Zot:5    | Reached skill level 7 in Transmutations
 83417 | Zot:5    | Reached skill level 8 in Transmutations
 83417 | Zot:5    | Reached XP level 27. HP: 249/249 MP: 46/54
 83431 | Zot:5    | Got the Orb of Zot
 83439 | Zot:5    | Noticed an electric golem
 83464 | Zot:5    | Noticed an orb of fire
 83596 | Zot:1    | Noticed Baaviqie the pandemonium lord
 83596 | Zot:1    | Noticed an ancient lich
 83606 | Zot:1    | Killed an ancient lich
 83629 | Zot:1    | Killed Baaviqie the pandemonium lord
 83630 | Zot:1    | Reached skill level 9 in Transmutations
 83781 | Depths:2 | Noticed Asotzytuudgh the pandemonium lord
 83811 | Depths:2 | Reached skill level 9 in Dodging
 83817 | Depths:2 | Noticed Hogiheg the pandemonium lord
 83921 | D:15     | Noticed Uwkesaipp the pandemonium lord
 84216 | D:$      | Escaped with the Orb!

Vanquished Creatures
  the Royal Jelly (Slime:5)
  An orb of fire (Zot:5)
  A royal mummy (Tomb:1)
  Sojobo (Crypt:3)
  A caustic shrike (Depths:2)
  Vashnia (Snake:2)
  3 golden dragons
  Rupert (D:13)
  7 tentacled monstrosities
  An electric golem (Zot:5)
  7 Orb Guardians
  A lich (Depths:2)
  An Ice Fiend (Zot:1)
  Asterion (Snake:2)
  3 quicksilver dragons
  A titan (Vaults:5)
  2 deep elf master archers (Elf:3)
  A deep elf blademaster (Elf:3)
  An ancient champion (Tomb:1)
  12 acid blobs
  4 death cobs
  6 sphinxes
  6 storm dragons
  2 thorn hunters
  Kirke (D:14)
  Roxanne (Elf:3)
  5 shadow dragons
  3 nagarajas
  4 tengu reavers
  2 draconian monks
  3 revenants
  4 fenstrider witches (Swamp:4)
  11 azure jellies
  6 deep elf sorcerers
  A draconian knight (Zot:1)
  4 ghost moths
  5 rockslimes
  3 vault wardens
  3 fire giants
  3 frost giants
  A balrug (Zot:2)
  5 draconian scorchers
  2 deep elf elementalists (Elf:3)
  3 draconian stormcallers
  2 draconian shifters (Zot:4)
  2 curse skulls
  3 draconian annihilators
  A spriggan defender (Depths:3)
  2 reapers
  3 ghouls (Swamp:2)
  2 war gargoyles (Vaults:2)
  11 stone giants
  An orc warlord (Orc:2)
  7 quicksilver oozes
  10 very ugly things
  5 ironbound thunderhulks
  2 ironbound preservers
  A juggernaut skeleton (Depths:2)
  Nessos (Lair:5)
  4 vampire knights
  A bennu (Tomb:1)
  2 eleionomae
  5 green draconians
  2 yellow draconians
  4 deep elf demonologists
  4 bunyips
  4 white draconians
  4 black draconians
  5 purple draconians
  4 red draconians
  A dire elephant (Vaults:4)
  2 deep elf annihilators
  8 spark wasps
  4 ettins
  Snorg (D:10)
  11 eidola
  3 spectral quicksilver dragons (Crypt:3)
  A green death (Swamp:4)
  2 blizzard demons
  8 deep elf death magi
  13 jiangshi
  Josephine (Orc:1)
  A merfolk impaler (Depths:2)
  A mummy priest (Tomb:1)
  3 yaktaur captains
  2 entropy weavers
  A great orb of eyes (Vaults:1)
  A spectral spriggan (Crypt:3)
  3 deep elf high priests
  A quicksilver dragon skeleton (Crypt:2)
  4 fire dragons
  25 vault guards
  13 hydras
  A peacekeeper (Vaults:2)
  A juggernaut simulacrum (Crypt:3)
  4 ice dragons
  A rakshasa (WizLab)
  3 ogre magi
  A spectral shadow dragon (Crypt:3)
  A spriggan air mage (Depths:2)
  2 ghost crabs
  4 ironbound frosthearts
  8 centaur warriors
  7 two-headed ogres
  3 death knights
  15 dancing weapons
  7 anacondas
  A death scarab (Gauntlet)
  6 tengu warriors
  7 death yaks
  4 deep troll shamans
  6 boulder beetles
  5 vampire magi
  A spectral naga (Crypt:3)
  A deep troll earth mage (Depths:4)
  An orc high priest (Orc:2)
  9 alligators
  2 spectral storm dragons (Crypt:3)
  3 spriggan berserkers
  6 naga sharpshooters
  7 naga warriors
  6 shock serpents
  Nergalle (Orc:2)
  11 deep elf knights
  11 spriggans
  A sun demon (Zot:2)
  6 soul eaters
  2 spectral anacondas (Crypt:3)
  A fire crab (shapeshifter) (Vaults:5)
  3 iron trolls
  Lodul (D:11)
  A titan skeleton (Crypt:1)
  A hell knight (Depths:2)
  2 goliath frogs
  2 salamander mystics
  A spectral death yak (Gauntlet)
  6 skeletal warriors
  5 shadow wraiths (Crypt:3)
  A spriggan druid (Swamp:3)
  An anaconda zombie (Crypt:2)
  5 swamp dragons
  A storm dragon skeleton (Crypt:3)
  6 flayed ghosts
  23 deep trolls
  A spectral hydra (Crypt:3)
  10 ironbound convokers
  A bog body (Swamp:2)
  9 lindwurms
  8 deep elf archers
  8 harpies
  15 deep elf zephyrmancers
  A tengu zombie (Depths:2)
  14 phantasmal warriors
  A fenstrider witch simulacrum (Crypt:3)
  13 nameless horrors
  A fire giant zombie (Depths:2)
  7 wizards
  24 deep elf pyromancers
  3 oklob plants (Lair:4)
  9 mana vipers
  5 orc knights
  7 necromancers
  A broodmother zombie (Crypt:3)
  4 manticores
  5 shining eyes
  An eleionoma zombie (Crypt:2)
  3 orc sorcerers
  6 salamanders
  11 moths of wrath
  31 ugly things
  3 worldbinders (WizLab)
  A faun (shapeshifter) (D:13)
  3 cyclopes
  A guardian serpent (shapeshifter) (Vaults:5)
  A will-o-the-wisp (Swamp:2)
  A stone giant skeleton (Depths:2)
  30 black mambas
  15 elephants
  An apocalypse crab (WizLab)
  2 rust devils (Depths:2)
  A cane toad (shapeshifter) (Elf:3)
  12 vault sentinels
  A draconian skeleton (Tomb:1)
  2 eyes of devastation
  3 guardian serpents
  2 centaur skeletons (Crypt:1)
  5 torpor snails
  A demonic crawler (WizLab)
  4 naga magi
  11 cane toads
  A titan simulacrum (Crypt:3)
  8 rime drakes
  A gargoyle (D:10)
  7 yaktaurs
  4 kobold demonologists
  5 unseen horrors
  2 tengu conjurers
  8 freezing wraiths
  7 komodo dragons
  A grey draconian skeleton (Crypt:1)
  An ancient zyme (WizLab)
  3 hellwings
  An anaconda simulacrum (Crypt:1)
  A guardian mummy (Tomb:1)
  A red devil (Depths:4)
  An ice devil (Depths:4)
  2 spectral harpies (Crypt:3)
  A minotaur skeleton (Crypt:2)
  A red draconian skeleton (Crypt:1)
  A catoblepas skeleton (Crypt:1)
  2 trolls
  9 hornets
  9 polar bears (Lair:5)
  9 large abominations
  74 slime creatures
  25 blink frogs
  A tyrant leech (Swamp:3)
  2 spriggan zombies
  A raiju (shapeshifter) (D:14)
  A blink frog (shapeshifter) (D:15)
  A fire dragon zombie (Crypt:1)
  A fire giant simulacrum (Depths:1)
  24 dream sheep
  3 air elementals
  A ynoxinul (Depths:2)
  2 jumping spiders (shapeshifter)
  3 centaur simulacra
  5 flying skulls
  3 wyverns
  11 wraiths
  26 yaks
  19 humans (D:14)
  A fire elemental (WizLab)
  5 water elementals
  A yak (shapeshifter) (D:13)
  2 vampires (D:8)
  11 basilisks
  3 steam dragons
  2 neqoxecs
  2 hogs (D:14)
  A tyrant leech zombie (Crypt:2)
  A hog (shapeshifter) (D:15)
  An alligator snapping turtle simulacrum (Crypt:3)
  2 golden eyes (Slime:1)
  3 chaos spawn
  A redback (Vaults:1)
  5 vampire mosquitoes
  17 swamp worms
  9 wargs
  A glowing shapeshifter zombie (Depths:1)
  A harpy simulacrum (Crypt:3)
  21 nagas
  A fire bat zombie (Crypt:2)
  3 acid dragons
  A two-headed ogre zombie (D:10)
  A spatial vortex (WizLab)
  15 hell hounds (Lair:5)
  2 swamp drakes (Lair:5)
  10 water moccasins
  A water moccasin (shapeshifter) (Vaults:5)
  A hydra simulacrum (Crypt:3)
  A floating eye (Depths:3)
  50 orc warriors
  A faun skeleton (Crypt:2)
  3 orc zombies
  13 black bears
  10 ogres
  6 boggarts
  A sky beast (D:7)
  21 wolves
  13 centaurs
  3 kobold brigands
  16 bullfrogs
  3 gnoll sergeants
  An earth elemental (WizLab)
  2 necrophages
  6 scorpions
  A cyclops zombie (Crypt:1)
  13 wights
  A shapeshifter zombie (Crypt:3)
  4 small abominations (Depths:1)
  21 killer bees
  A spriggan skeleton (Crypt:3)
  2 electric eels
  3 howler monkeys (D:9)
  3 hounds
  2 jellies
  21 orc priests
  Crazy Yiuf (D:6)
  A gnoll bouda (D:8)
  A human skeleton (Crypt:1)
  10 iguanas
  23 orc wizards
  6 hell rats (Lair:4)
  An acid dragon zombie (Crypt:3)
  An ogre skeleton (Crypt:3)
  12 mummies (Tomb:1)
  15 gnolls
  11 adders
  A swamp drake zombie (Crypt:3)
  A shadow imp (D:6)
  A white imp (WizLab)
  An ufetubus (D:6)
  An iguana zombie (Crypt:2)
  A worm (D:4)
  A dart slug (D:1)
  146 orcs
  6 ball pythons
  7 bats
  11 endoplasms
  5 giant cockroaches
  10 goblins
  9 hobgoblins
  9 jackals
  2 quokkas
  3 frilled lizards (D:3)
  A hobgoblin zombie (Crypt:2)
  20 kobolds
  A kobold zombie (Crypt:1)
  6 rats
1813 creatures vanquished.

Vanquished Creatures (collateral kills)
  A pandemonium lord (Zot:1)
  2 dread liches (Vaults:5)
  2 orbs of fire (Zot:5)
  An ancient lich (Zot:1)
  Mara (Vaults:3)
  3 juggernauts (Depths:3)
  Boris (Depths:3)
  Vv (Zot:3)
  Parghit (Depths:3)
  3 Killer Klowns (Zot:5)
  2 curse toes
  A caustic shrike (Depths:3)
  5 golden dragons
  A profane servitor (Zot:5)
  2 Brimstone Fiends
  A Tzitzimitl (D:15)
  An electric golem (Zot:1)
  A spectral shard shrike (Crypt:3)
  6 tentacled monstrosities
  Jorgrun (Elf:1)
  Mlioglotl (Swamp:4)
  2 liches
  17 Orb Guardians (Zot:5)
  A deep elf blademaster (Elf:3)
  A quicksilver dragon (Zot:3)
  3 titans (Vaults:5)
  2 ancient champions (Tomb:1)
  Agnes (Snake:4)
  7 sphinxes
  8 acid blobs
  2 death cobs
  6 eldritch tentacles
  12 storm dragons
  2 tengu reavers
  A draconian monk (Zot:1)
  7 shadow dragons
  7 fire giants
  A nagaraja (Snake:4)
  5 rockslimes (Slime:5)
  5 revenants
  3 azure jellies
  3 frost giants
  A deep elf sorcerer (Elf:1)
  An orc warlord (Vaults:2)
  3 draconian knights
  3 draconian scorchers
  A juggernaut zombie (Crypt:3)
  A spectral juggernaut (Crypt:3)
  2 ghost moths (Zot:3)
  10 vault wardens
  Aizul (Depths:1)
  A deep elf elementalist (Elf:3)
  A draconian stormcaller (Zot:3)
  2 draconian shifters
  A ghoul (Swamp:4)
  25 very ugly things
  4 quicksilver oozes
  2 draconian annihilators
  8 stone giants
  27 ironbound preservers
  4 spriggan defenders
  A quicksilver ooze (shapeshifter) (Vaults:5)
  6 ironbound thunderhulks
  A war gargoyle (Vaults:5)
  7 green draconians
  A vampire knight (Crypt:1)
  2 eleionomae
  8 black draconians
  6 dire elephants
  7 bennus (Tomb:1)
  3 deep elf demonologists (Elf:3)
  A deep elf annihilator (Elf:3)
  3 red draconians
  3 white draconians
  3 yellow draconians
  A spectral titan (Crypt:3)
  9 spark wasps
  6 purple draconians
  2 eidola (Crypt:3)
  6 fire dragons
  2 ettins (Vaults:5)
  7 jiangshi
  A deep elf death mage (Elf:3)
  A mummy priest (Tomb:1)
  2 shambling mangroves
  10 yaktaur captains
  A salamander tyrant (Snake:4)
  13 vault guards
  A ghost crab (Swamp:4)
  7 great orbs of eyes
  A boulder beetle (Vaults:1)
  6 centaur warriors (Vaults:2)
  An ogre mage (Swamp:4)
  5 ironbound frosthearts
  A rakshasa (Depths:3)
  3 ice dragons
  2 dancing weapons
  5 alligators
  6 vampire magi
  3 death yaks
  4 naga warriors
  A deep elf knight (Elf:2)
  A deep troll earth mage (Depths:4)
  A spectral dire elephant (Crypt:3)
  A shock serpent (Snake:4)
  3 deep troll shamans
  A spriggan berserker (Depths:3)
  6 hell knights
  5 spriggans
  6 naga sharpshooters
  2 sun demons (Zot:2)
  8 nameless horrors
  A soul eater (Depths:2)
  4 salamander mystics (Snake:4)
  A sixfirhy (D:5)
  7 skeletal warriors
  A spectral bunyip (Crypt:3)
  A goliath frog (shapeshifter) (Vaults:5)
  7 iron trolls
  3 goliath frogs
  2 spriggan druids
  A glowing orange brain (Slime:5)
  A glowing orange brain (shapeshifter) (Vaults:5)
  3 flayed ghosts
  4 phantasmal warriors
  A swamp dragon (Swamp:4)
  58 deep trolls
  2 bog bodies
  10 lindwurms
  4 orc knights
  4 necromancers
  4 wizards
  12 ironbound convokers
  A deep elf pyromancer (Elf:1)
  2 deep elf archers (Elf:2)
  5 deep elf zephyrmancers
  An orc sorcerer (Swamp:4)
  5 shining eyes
  14 salamanders
  2 will-o-the-wisps (Swamp:4)
  9 moths of wrath
  17 ugly things
  A centaur zombie (Crypt:1)
  2 black mambas (Snake:4)
  5 guardian serpents (Snake:4)
  A toenail golem (D:14)
  A smoke demon (WizLab)
  8 vault sentinels
  4 naga magi
  An orange demon (Swamp:4)
  2 hellwings
  A rime drake (Lair:4)
  7 yaktaurs
  7 freezing wraiths
  A guardian mummy (Tomb:1)
  8 hornets
  6 tyrant leeches
  62 slime creatures
  An ettin skeleton (Crypt:1)
  5 flying skulls
  A shadow (Crypt:3)
  2 dire elephant simulacra
  A slime creature zombie (Crypt:2)
  2 yaks (Lair:4)
  2 chaos spawn (Swamp:4)
  A golden eye (Slime:5)
  A redback (shapeshifter) (Vaults:5)
  6 swamp worms
  A glowing shapeshifter zombie (Depths:1)
  8 nagas
  A demonspawn skeleton (Crypt:3)
  A naga skeleton (Crypt:3)
  A deep troll skeleton (Crypt:1)
  A cane toad skeleton (Crypt:1)
  A boggart (Vaults:2)
  A necrophage (Swamp:2)
  A black bear skeleton (Crypt:2)
  A hell rat (Lair:4)
  5 mummies (Tomb:1)
773 creatures vanquished.

Vanquished Creatures (others)
  127 eldritch tentacles
  A storm dragon (Zot:1)
  A white draconian (Zot:3)
  2 ettins (Vaults:5)
  A mummy priest (Tomb:1)
  A deep troll (Vaults:2)
  A wizard (Depths:3)
  A phantasmal warrior (Vaults:5)
  A deep elf zephyrmancer (Swamp:4)
  A salamander (Snake:4)
  A vault sentinel (Vaults:5)
  2 bloated husks (Swamp:4)
  A spriggan (Swamp:4)
  A neqoxec (Swamp:4)
  A swamp worm (Swamp:3)
  20 demonic plants
  6 foxfires
  170 fulminant prisms
  35 fungi
  73 plants
447 creatures vanquished.

Grand Total: 3033 creatures vanquished

Table legend:
 A = Non-vault XP
 B = Vault XP
 C = Vault XP percentage of total XP
 D = Non-vault monster count
 E = Vault monster count
 F = Vault count percentage of total count
                 A         B        C        D         E       F
            +---------+---------+-------+---------+---------+-------
      Total |  840597 |  658911 |  43.9 |    1558 |     974 |  38.5
            +---------+---------+-------+---------+---------+-------
        D:1 |      72 |       0 |   0.0 |      33 |       0 |   0.0
        D:2 |      30 |       0 |   0.0 |      10 |       0 |   0.0
        D:3 |      25 |       2 |   7.4 |      16 |       1 |   5.9
        D:4 |     147 |     321 |  68.6 |      12 |      12 |  50.0
        D:5 |     372 |       0 |   0.0 |      11 |       0 |   0.0
        D:6 |    1076 |     109 |   9.2 |      20 |       7 |  25.9
        D:7 |    2069 |       9 |   0.4 |      41 |       3 |   6.8
        D:8 |    3057 |    8082 |  72.6 |      31 |      54 |  63.5
        D:9 |    2893 |       0 |   0.0 |      36 |       0 |   0.0
       D:10 |    3059 |    3158 |  50.8 |       8 |       7 |  46.7
       D:11 |    2427 |    2787 |  53.5 |      24 |      43 |  64.2
       D:12 |    1895 |    3733 |  66.3 |       5 |       7 |  58.3
       D:13 |    4715 |    5053 |  51.7 |      11 |       8 |  42.1
       D:14 |   11268 |    9665 |  46.2 |      25 |      28 |  52.8
       D:15 |    7382 |    1257 |  14.6 |      15 |       1 |   6.2
     Lair:1 |    2964 |    1983 |  40.1 |      11 |      10 |  47.6
     Lair:2 |    8056 |    3121 |  27.9 |      16 |      11 |  40.7
     Lair:3 |    7196 |       0 |   0.0 |      26 |       0 |   0.0
     Lair:4 |   17661 |    5072 |  22.3 |      59 |       9 |  13.2
     Lair:5 |   12893 |   16095 |  55.5 |      35 |      72 |  67.3
    Swamp:1 |    7451 |       0 |   0.0 |      17 |       0 |   0.0
    Swamp:2 |   20068 |       0 |   0.0 |      38 |       0 |   0.0
    Swamp:3 |   12362 |    7406 |  37.5 |      19 |      13 |  40.6
    Swamp:4 |   14230 |   20452 |  59.0 |      25 |      30 |  54.5
    Snake:1 |   14600 |       0 |   0.0 |      29 |       0 |   0.0
    Snake:2 |   15183 |    8376 |  35.6 |      30 |       7 |  18.9
    Snake:3 |    3688 |     745 |  16.8 |       7 |       2 |  22.2
    Snake:4 |   12987 |   30548 |  70.2 |      24 |      51 |  68.0
    Slime:1 |   16487 |       0 |   0.0 |      28 |       0 |   0.0
    Slime:2 |   15630 |       0 |   0.0 |      36 |       0 |   0.0
    Slime:3 |    9811 |       0 |   0.0 |      19 |       0 |   0.0
    Slime:4 |   17379 |    1831 |   9.5 |      27 |       4 |  12.9
    Slime:5 |    9228 |   23315 |  71.6 |      20 |      16 |  44.4
      Orc:1 |    3092 |    1556 |  33.5 |      49 |       4 |   7.5
      Orc:2 |    2734 |    7133 |  72.3 |      27 |      34 |  55.7
      Elf:1 |   21482 |    9132 |  29.8 |      34 |      13 |  27.7
      Elf:2 |   15786 |    5605 |  26.2 |      22 |       7 |  24.1
      Elf:3 |   11902 |   27350 |  69.7 |      20 |      24 |  54.5
   Vaults:1 |   21455 |   13266 |  38.2 |      34 |      19 |  35.8
   Vaults:2 |   54411 |   29942 |  35.5 |      72 |      40 |  35.7
   Vaults:3 |   24971 |   17940 |  41.8 |      34 |      22 |  39.3
   Vaults:4 |   42068 |   16580 |  28.3 |      55 |      20 |  26.7
   Vaults:5 |   10017 |  105120 |  91.3 |      13 |      95 |  88.0
    Crypt:1 |   36918 |       0 |   0.0 |      61 |       0 |   0.0
    Crypt:2 |   26716 |       0 |   0.0 |      39 |       0 |   0.0
    Crypt:3 |   18519 |   49830 |  72.9 |      34 |      67 |  66.3
     Tomb:1 |    4382 |   29040 |  86.9 |      14 |      32 |  69.6
   Depths:1 |   24751 |    7485 |  23.2 |      30 |      18 |  37.5
   Depths:2 |   45210 |   17279 |  27.7 |      55 |      14 |  20.3
   Depths:3 |   14674 |   55415 |  79.1 |      17 |      36 |  67.9
   Depths:4 |   54223 |   13205 |  19.6 |      60 |      16 |  21.1
      Zot:1 |   42528 |    4756 |  10.1 |      38 |       4 |   9.5
      Zot:2 |   12212 |    3833 |  23.9 |      11 |       3 |  21.4
      Zot:3 |   55398 |   16920 |  23.4 |      44 |      15 |  25.4
      Zot:4 |   20087 |     476 |   2.3 |      16 |       1 |   5.9
      Zot:5 |   18700 |   60545 |  76.4 |      15 |      29 |  65.9
     Bailey |       0 |    2252 | 100.0 |       0 |      38 | 100.0
     WizLab |       0 |    7563 | 100.0 |       0 |      19 | 100.0
   Gauntlet |       0 |    3568 | 100.0 |       0 |       8 | 100.0
            +---------+---------+-------+---------+---------+-------

Illustrated notes

Table legend:
 A = Kills in this place as a percentage of kills in entire the game.
 B = Kills by you in this place as a percentage of kills by you in the entire game.
 C = Kills by friends in this place as a percentage of kills by friends in the entire game.
 D = Other kills in this place as a percentage of other kills in the entire game.
 E = Experience gained in this place as a percentage of experience gained in the entire game.
 F = Experience gained in this place divided by the number of levels of this place that you have seen.
                   A       B       C       D       E      F
               +-------+-------+-------+-------+-------+----------------------
         Total | 100.0 | 100.0 | 100.0 | 100.0 | 100.0 | 25150.4
       Dungeon |  18.6 |  26.3 |   0.5 |   0.0 |   5.2 | 5317.8
          Lair |   9.8 |  13.5 |   1.2 |   0.0 |   4.9 | 15008.2
         Swamp |   5.6 |   5.0 |   6.7 |  21.4 |   5.3 | 20492.2
     Snake Pit |   5.9 |   5.2 |   7.5 |   7.1 |   5.6 | 21531.8
    Slime Pits |   5.9 |   4.4 |   9.5 |   0.0 |   6.1 | 18736.2
  Orcish Mines |   4.5 |   6.4 |   0.0 |   0.0 |   0.9 | 7257.5
   Elven Halls |   4.7 |   5.7 |   2.4 |   0.0 |   5.9 | 30419.0
        Vaults |  15.8 |   9.1 |  31.6 |  35.7 |  21.9 | 67154.0
         Crypt |   7.9 |   8.0 |   7.7 |   0.0 |   8.6 | 43994.3
          Tomb |   1.8 |   1.3 |   3.1 |   0.0 |   2.2 | 33422.0
        Depths |   9.8 |   7.1 |  16.4 |   7.1 |  15.6 | 59694.5
           Zot |   7.3 |   4.6 |  13.3 |  21.4 |  16.8 | 51696.2
        Bailey |   1.5 |   2.1 |   0.0 |   0.0 |   0.1 | 2252.0
        Wizlab |   0.7 |   0.9 |   0.3 |   7.1 |   0.5 | 7563.0
      Gauntlet |   0.3 |   0.4 |   0.0 |   0.0 |   0.2 | 3568.0
               +-------+-------+-------+-------+-------+----------------------

Table legend: (Time is in decaauts)
 A = Elapsed time spent in this place.
 B = Non-inter-level travel time spent in this place.
 C = Inter-level travel time spent in this place.
 D = Time resting spent in this place.
 E = Time spent auto-exploring this place.
 F = Levels seen in this place.
 G = Mean time per level.
                   A        B        C        D        E       F      G
               +--------+--------+--------+--------+--------+-----+--------+
         Total |  84345 |  75178 |   9167 |  15278 |  43191 |  61 | 1382.7 |
       Dungeon |  22984 |  19342 |   3642 |   4516 |  11718 |  15 | 1532.3 |
        Temple |     36 |     36 |      0 |      0 |      0 |   1 |   36.0 |
          Lair |  10611 |   9866 |    745 |   3993 |   4480 |   5 | 2122.2 |
         Swamp |   3421 |   3303 |    118 |    495 |   2067 |   4 |  855.2 |
     Snake Pit |   7030 |   6656 |    374 |    733 |   4742 |   4 | 1757.5 |
    Slime Pits |   2683 |   2477 |    206 |    187 |   1573 |   5 |  536.6 |
  Orcish Mines |   2844 |   2421 |    423 |    491 |   1402 |   2 | 1422.0 |
   Elven Halls |   3919 |   3608 |    311 |    748 |   1886 |   3 | 1306.3 |
        Vaults |   9970 |   8303 |   1667 |    969 |   4775 |   5 | 1994.0 |
         Crypt |   5127 |   4872 |    255 |    365 |   3323 |   3 | 1709.0 |
          Tomb |    972 |    915 |     57 |    139 |    434 |   1 |  972.0 |
        Depths |   6550 |   5553 |    997 |    952 |   3065 |   4 | 1637.5 |
           Zot |   5555 |   5188 |    367 |    809 |   2795 |   5 | 1111.0 |
         Trove |     23 |     23 |      0 |      0 |      0 |   1 |   23.0 |
        Bailey |   1729 |   1729 |      0 |    501 |    840 |   1 | 1729.0 |
        Wizlab |    401 |    401 |      0 |    154 |      2 |   1 |  401.0 |
      Gauntlet |    481 |    481 |      0 |    226 |     85 |   1 |  481.0 |
               +--------+--------+--------+--------+--------+-----+--------+

Top non-repeatable levels by time:
  Lair:5: 2964 daAuts
     D:8: 2956 daAuts
  Lair:4: 2756 daAuts
Vaults:2: 2634 daAuts
     D:7: 2479 daAuts
Depths:2: 2167 daAuts
    D:14: 2128 daAuts
 Snake:4: 2104 daAuts
 Crypt:2: 2034 daAuts
    D:11: 1972 daAuts
 Crypt:3: 1929 daAuts
Vaults:1: 1905 daAuts
Vaults:4: 1890 daAuts
  Lair:1: 1831 daAuts
Vaults:5: 1827 daAuts
